 Dungeon Crawl Stone Soup version 0.32-a0-779-g362cfcae2a (webtiles) character file.

Game seed: 10233594139399374253

1066191 gimp the Archmage (level 27, -7/193 (224) HPs)
             Began as a Barachi Earth Elementalist on Mar 19, 2024.
             Was the Champion of Vehumet.
             Killed from afar by a Hell Sentinel (28 damage)
             ... with damnation
             ... on level 6 of the Iron City of Dis on Mar 20, 2024.
             The game lasted 05:26:26 (116826 turns).

gimp the Archmage (Barachi Earth Elementalist)    Turns: 116826, Time: 05:26:27

HP:   -7/193 (224)  AC: 11    Str:  6 (7)  XL:     27
MP:   7/48          EV: 22    Int: 44      God:    Vehumet [******]
Gold: 10322         SH:  0    Dex: 14      Spells: 0/80 levels left

rFire   + + +        a - staff "Toawit" {^Drain Fly rPois rF++ Ice Alchemy}
rCold   + + +        M - +0 buckler "Qeidec" {rElec rPois Str-4}
rNeg    + + +        I - +2 leather armour of Unwydwoq {rN++}
rPois   +            Q - +2 helmet {Int+3}
rElec   +            F - +0 cloak of Valour {Harm rC++ Slay+3}
rCorr   +            r - +2 pair of gloves {Str+3}
SInv    .            T - +2 pair of boots of the Stopping Gods {rElec rC+ Int+3}
Will    +++++        b - amulet of the Four Winds {rN+ Will+++ Clar}
Stlth   +            w - ring of Sif Muna's Regard {rElec Will+ rCorr AC+4}
HPRegen 0.52/turn    K - ring of Vaxayblumu {rF+ Int+6}
MPRegen 0.31/turn

%: harm (+30% outgoing, +20% incoming), clarity
@: confused, ambrosia-drunk, unable to hop, flying, studying 4 skills, heavily
drained, corroded, slow
A: amphibious, slowness 1, strong legs 2, +LOS, clever 2, clumsy 1, frail 1, low
MP 1
}: 10/15 runes: decaying, slimy, silver, icy, demonic, glowing, magical, fiery,
dark, gossamer
a: Hop, Renounce Religion


You were on level 6 of the Iron City of Dis.
You worshipped Vehumet.
Vehumet was exalted by your worship.
You visited 15 branches of the dungeon, and saw 70 of its levels.
You visited Pandemonium 1 time, and saw 17 of its levels.
You visited 1 ziggurat, and saw 19 of its levels.
You also visited: Trove, Ossuary, Gauntlet, Ice Cave and Wizlab.

You collected 12789 gold pieces.
You spent 2467 gold pieces at shops.

Inventory:

Missiles
 L - 9 curare-tipped darts
 R - 6 throwing nets
Armour
 p - a +2 robe of resistance
 r - a +2 pair of gloves of strength (worn)
 F - the +0 cloak of Valour (worn) {Harm rC++ Slay+3}
   (You acquired it on level 13 of a ziggurat)

   Slay+3:    It affects your accuracy & damage with ranged weapons and melee
   (+3).
   rC++:      It greatly protects you from cold.
   Harm:      It increases damage dealt and taken.
 I - the +2 leather armour of Unwydwoq (worn) {rN++}
   (You took it off a deep elf pyromancer on level 3 of the Elven Halls)

   rN++:      It greatly protects you from negative energy.
 M - the +0 buckler "Qeidec" (worn) {rElec rPois Str-4}
   (You took it off a deep elf annihilator on level 3 of the Elven Halls)

   Str-4:     It affects your strength (-4).
   rElec:     It insulates you from electricity.
   rPois:     It protects you from poison.
 Q - a +2 helmet of intelligence (worn)
 T - the +2 pair of boots of the Stopping Gods (worn) {rElec rC+ Int+3}
   (You found it in a Gauntlet)

   Int+3:     It affects your intelligence (+3).
   rC+:       It protects you from cold.
   rElec:     It insulates you from electricity.
 U - a +2 cloak of preservation
Magical Staves
 a - the staff "Toawit" (weapon) {^Drain Fly rPois rF++ Ice Alchemy}
   (You found it on level 7 of a ziggurat)

   [staff of alchemy]

   Base accuracy: +5 Base damage: 5 Base attack delay: 1.2 This weapon's minimum
   attack delay (0.6) is reached at skill level 12.
   rF++:      It greatly protects you from fire.
   rPois:     It protects you from poison.
   Fly:       It grants you flight.
   ^Drain:    It drains your maximum health when unequipped.
   Ice:       It increases the power of your Ice spells.
   Alchemy:   It increases the power of your Alchemy spells.
   It falls into the 'Staves' category.
   It is a one-handed weapon.
 c - the staff of Hospitality {rElec Ice Air Alchemy}
   (You took it off a deep elf elementalist on level 3 of the Elven Halls)

   [staff of air]

   Base accuracy: +5 Base damage: 5 Base attack delay: 1.2 This weapon's minimum
   attack delay (0.6) is reached at skill level 12.
   rElec:     It insulates you from electricity.
   Ice:       It increases the power of your Ice spells.
   Air:       It increases the power of your Air spells.
   Alchemy:   It increases the power of your Alchemy spells.
   It falls into the 'Staves' category.
   It is a one-handed weapon.
 k - the staff of the Slime-mould {+Blink rF+ rC+ Will+ Int+3 Ice}
   (You found it on level 16 of a ziggurat)

   [staff of cold]

   Base accuracy: +5 Base damage: 5 Base attack delay: 1.2 This weapon's minimum
   attack delay (0.6) is reached at skill level 12.
   Int+3:     It affects your intelligence (+3).
   rF+:       It protects you from fire.
   rC+:       It protects you from cold.
   Will+:     It increases your willpower.
   +Blink:    It lets you blink.
   Ice:       It increases the power of your Ice spells.
   It falls into the 'Staves' category.
   It is a one-handed weapon.
Jewellery
 b - the amulet of the Four Winds (around neck) {rN+ Will+++ Clar}
   (You found it on level 19 of a ziggurat)

   [amulet of nothing]

   rN+:       It protects you from negative energy.
   Will+++:   It greatly increases your willpower.
   Clar:      It protects you from confusion, rage, mesmerisation and fear.
 w - the ring of Sif Muna's Regard (left hand) {rElec Will+ rCorr AC+4}
   (You found it in Pandemonium)

   [ring of protection]

   AC+4:      It affects your AC (+4).
   rElec:     It insulates you from electricity.
   Will+:     It increases your willpower.
   rCorr:     It protects you from acid and corrosion.
 C - the ring "Wioq" {Str+6 SInv}
   (You found it in Pandemonium)

   [ring of strength]

   Str+6:     It affects your strength (+6).
   SInv:      It lets you see invisible.
 K - the ring of Vaxayblumu (right hand) {rF+ Int+6}
   (You found it on level 5 of the Pits of Slime)

   [ring of intelligence]

   Int+6:     It affects your intelligence (+6).
   rF+:       It protects you from fire.
Wands
 u - a wand of iceblast (59)
 z - a wand of digging (46)
 H - a wand of flame (149)
 Z - a wand of light (73)
Scrolls
 g - 10 scrolls of enchant armour
 m - 3 scrolls of blinking
 n - 13 scrolls of teleportation
 s - 7 scrolls of amnesia
 D - 14 scrolls of fear
 E - 5 scrolls of poison
 O - 7 scrolls of revelation
 S - a scroll of butterflies
 Y - 4 scrolls of fog
Potions
 f - 5 potions of mutation
 h - 9 potions of curing
 i - 13 potions of enlightenment
 j - a potion of heal wounds
 t - 5 potions of haste
 v - 2 potions of invisibility
 x - 6 potions of resistance
 B - 3 potions of cancellation
 J - 5 potions of ambrosia
 P - a potion of magic
 V - 5 potions of brilliance
Miscellaneous
 d - the horn of Geryon
 o - a box of beasts
 y - a lightning rod (4/4)
 A - a phantom mirror
 G - a condenser vane
 W - a phial of floods


   Skills:
 O Level 27 Fighting
 O Level 27 Dodging
 - Level 1.7 Stealth
 - Level 9.0 Shields
 O Level 27 Spellcasting
 - Level 25.0 Conjurations
 - Level 16.0 Fire Magic
 - Level 19.0 Ice Magic
 + Level 23.4 Air Magic
 - Level 25.2 Earth Magic
 - Level 8.0 Alchemy
 * Level 14.6 Evocations


You couldn't memorise any spells.
You knew the following spells:

 Your Spells              Type           Power      Damage    Failure   Level
a - Lehudib's Crystal Sp  Conj/Erth      68%        10d15     1%          8
b - Apportation           Tloc           100%       N/A       1%          1
c - Passwall              Erth           100%       N/A       0%          3
d - Ignition              Fire           58%        3d16      1%          8
e - Ozocubu's Refrigerat  Ice            74%        4d23      1%          7
f - Shatter               Erth           68%        3d50*     1%          9
g - Plasma Beam           Fire/Air       62%        2x1d78    1%          6
h - Fireball              Conj/Fire      63%        3d24      0%          5
i - Chain Lightning       Conj/Air       67%        3d89      1%          9
j - Fire Storm            Conj/Fire      63%        8d16      3%          9
k - Irradiate             Conj/Alch      70%        3d35      0%          5
l - Maxwell's Capacitive  Air            66%        ∞         1%          8
m - Blink                 Tloc           100%       N/A       1%          2

Your spell library contained the following spells:

 Spells                   Type           Power      Damage    Failure   Level
 Foxfire                  Conj/Fire      100%       2x1d9     0%          1
 Freeze                   Ice            100%       1d10      0%          1
 Kiss of Death            Conj/Necr      100%       2d13      0%          1
 Magic Dart               Conj           100%       1d8       0%          1
 Sandblast                Erth           100%       2d20      0%          1
 Shock                    Conj/Air       100%       1d9       0%          1
 Sting                    Conj/Alch      100%       1d9       0%          1
 Cigotuvi's Dreadful Rot  Necr/Alch/Air  100%       N/A       0%          2
 Ensorcelled Hibernation  Hex/Ice        100%       N/A       0%          2
 Mercury Vapours          Alch/Air       100%       N/A       0%          2
 Momentum Strike          Conj/Tloc      100%       3d10      0%          2
 Scorch                   Fire           100%       2d9       0%          2
 Static Discharge         Conj/Air       100%       3-8/arc   0%          2
 Dazzling Flash           Conj/Hex       100%       N/A       0%          3
 Frozen Ramparts          Ice            100%       1d16      0%          3
 Hailstorm                Conj/Ice       100%       3d16      0%          3
 Mephitic Cloud           Conj/Alch/Air  100%       N/A       0%          3
 Ozocubu's Armour         Ice            100%       N/A       0%          3
 Stone Arrow              Conj/Erth      100%       3d13      0%          3
 Swiftness                Air            100%       N/A       0%          3
 Airstrike                Air            66%        2d(10-26) 0%          4
 Brom's Barrelling Bould  Conj/Erth      100%       2d11      0%          4
 Flame Wave               Conj/Fire      100%       2d21      0%          4
 Leda's Liquefaction      Alch/Erth      71%        N/A       0%          4
 Petrify                  Alch/Erth      100%       N/A       0%          4
 Arcjolt                  Conj/Air       67%        1d77      0%          5
 Freezing Cloud           Conj/Ice/Air   78%        6-21      0%          5
 Iskenderun's Battlesphe  Conj           100%       2d15      0%          5
 Bombard                  Conj/Erth      68%        9d11      0%          6
 Conjure Ball Lightning   Conj/Air       67%        3x3d25    0%          6
 Permafrost Eruption      Ice/Erth       77%        2x4d21    0%          6
 Starburst                Conj/Fire      63%        6d17      0%          6
 Orb of Destruction       Conj           67%        9d16      0%          7
 Necrotise                Necr           100%       1d9       1%          1
 Summon Small Mammal      Summ           100%       N/A       1%          1
 Call Imp                 Summ           100%       N/A       1%          2
 Jinxbite                 Hex            100%       N/A       1%          2
 Lesser Beckoning         Tloc           100%       N/A       1%          2
 Sublimation of Blood     Necr           56%        N/A       1%          2
 Call Canine Familiar     Summ           56%        N/A       1%          3
 Confusing Touch          Hex            56%        N/A       1%          3
 Fugue of the Fallen      Necr           56%        N/A       1%          3
 Gell's Gravitas          Tloc           56%        N/A       1%          3
 Inner Flame              Hex/Fire       92%        N/A       1%          3
 Sigil of Binding         Hex            56%        N/A       1%          3
 Summon Ice Beast         Ice/Summ       100%       N/A       1%          3
 Teleport Other           Tloc           56%        N/A       1%          3
 Tukima's Dance           Hex            56%        N/A       1%          3
 Vampiric Draining        Necr           56%        2d10      1%          3
 Volatile Blastmotes      Fire/Tloc      100%       2d18      1%          3
 Animate Armour           Summ/Erth      100%       N/A       1%          4
 Ignite Poison            Fire/Alch      100%       N/A       1%          4
 Iskenderun's Mystic Bla  Conj/Tloc      100%       2d19      1%          4
 Olgreb's Toxic Radiance  Alch           100%       N/A       1%          4
 Summon Blazeheart Golem  Fire/Summ      92%        N/A       1%          4
 Summon Lightning Spire   Summ/Air       100%       N/A       1%          4
 Vhi's Electric Charge    Tloc/Air       100%       N/A       1%          4
 Alistair's Intoxication  Alch           76%        N/A       1%          5
 Borgnjor's Vile Clutch   Necr/Erth      53%        N/A       1%          5
 Metabolic Englaciation   Hex/Ice        60%        N/A       1%          5
 Silence                  Hex/Air        52%        N/A       1%          5
 Yara's Violent Unravell  Hex/Alch       48%        3d19      1%          5
 Eringya's Noxious Bog    Alch           57%        4d6       1%          6
 Sculpt Simulacrum        Ice/Alch       79%        N/A       1%          6
 Spellforged Servitor     Conj/Summ      53%        N/A       1%          7
 Anguish                  Hex/Necr       28%        N/A       5%          4
 Animate Dead             Necr           56%        N/A       5%          4
 Cause Fear               Hex            28%        N/A       5%          4
 Dimensional Bullseye     Hex/Tloc       28%        N/A       5%          4
 Dispel Undead            Necr           56%        3d20      5%          4
 Manifold Assault         Tloc           56%        N/A       5%          4
 Martyr's Knell           Necr/Summ      56%        N/A       5%          4
 Passage of Golubria      Tloc           56%        N/A       5%          4
 Curse of Agony           Necr           56%        N/A       14%         5
 Summon Forest            Summ/Tloc      28%        N/A       14%         5
 Summon Mana Viper        Hex/Summ       56%        N/A       14%         5
 Death Channel            Necr           28%        N/A       63%         6
 Dispersal                Tloc           28%        N/A       63%         6
 Summon Cactus Giant      Summ           28%        N/A       63%         6
 Enfeeble                 Hex            28%        N/A       99%         7
 Haunt                    Necr/Summ      28%        N/A       99%         7
 Malign Gateway           Summ/Tloc      28%        N/A       99%         7
 Summon Hydra             Summ           28%        N/A       99%         7
 Borgnjor's Revivificati  Necr           28%        N/A       100%        8
 Discord                  Hex            28%        N/A       100%        8
 Disjunction              Tloc           28%        N/A       100%        8
 Infestation              Necr           28%        N/A       100%        8
 Summon Horrible Things   Summ           28%        N/A       100%        8
 Death's Door             Necr           28%        N/A       100%        9
 Dragon's Call            Summ           28%        N/A       100%        9


Dungeon Overview and Level Annotations

Branches:
Dungeon (15/15)            Temple (1/1) D:6            Lair (5/5) D:9
  Swamp (4/4) Lair:3       Spider (4/4) Lair:3        Slime (5/5) Lair:5
    Orc (2/2) D:11            Elf (3/3) Orc:2        Vaults (5/5) D:14
  Crypt (3/3) Vaults:2       Tomb (0/3) Crypt:3      Depths (4/4) D:15
   Hell (visited)             Dis (6/7) Hell            Geh (0/7) Hell
    Coc (7/7) Hell            Tar (0/7) Hell            Zot (5/5) Depths:4
Ossuary (visited)           IceCv (visited)          WizLab (visited)
Gauntlet (visited)

Altars:
Ashenzari
Cheibriados
Dithmenos
Elyvilon
Fedhas
Gozag
Hepliaklqana
Kikubaaqudgha
Makhleb
Nemelex Xobeh
Okawaru
Qazlal
Ru
Sif Muna
Trog
Uskayaw
Vehumet
Wu Jian
Xom
Yredelemnul
Zin
The Shining One
Jiyva

Shops:
D:1 *   D:5 *   D:6 ?   Orc:1 [   Orc:2 ![[:   Elf:1 =   Vaults:4 *
Vaults:5 ?   Depths:1 =([

Portals:
Hell: Depths:1 Depths:2 Depths:3 Depths:4
Abyss: Depths:1 Depths:3 Depths:4
Pandemonium: Depths:2 Depths:3

Annotations:
D:2 Sigmund
D:3 Ijyb
D:4 1 runed translucent door, Crazy Yiuf
Elf:2 3 runed translucent doors, exclusion: 3 doors


Innate Abilities, Weirdness & Mutations

You are amphibious.
You cover ground slowly.
You can hop long distances.
You have an extended range of vision and can be seen from far away.
Your mind is very acute. (Int +8, Str/Dex -2)
You are clumsy. (Dex -2)
You are frail. (-10% HP)
Your magical capacity is low. (-10% MP)


Message History

Press: ? - help, Dir - move target A quicksilver elemental and a Hell Sentinel come into view.
Boing!
The iron giant throws the iron golem at you!
You take 20 damage, and have 173/193 hp.
The iron golem hits you!!
The iron golem hits you but does no damage.
The Hell Sentinel attacks as it pursues you!
The Hell Sentinel hits you.
The Hell Sentinel completely misses you.
You take 31 damage, and have 142/193 hp.
Casting: Lehudib's Crystal Spear (mildly dangerous; 1% risk of failure)
Confirm with . or Enter, or press ? or * to list all spells.
Lightning arcs from your hands!
The bolt of lightning hits the Hell Sentinel!!!
The Hell Sentinel resists.
The Hell Sentinel is heavily wounded.
The bolt of lightning hits the iron golem!!!
The iron golem resists.
The iron golem is lightly damaged.
The bolt of lightning hits you! You resist.
The bolt of lightning hits the quicksilver elemental!!!
The quicksilver elemental resists.
The quicksilver elemental is almost destroyed.
The bolt of lightning hits the quicksilver elemental!!!
The quicksilver elemental resists.
The quicksilver elemental is severely damaged.
The bolt of lightning hits the iron giant!!!!
The iron giant is severely wounded.
The bolt of lightning hits the Hell Sentinel!
The Hell Sentinel resists.
The Hell Sentinel is lightly wounded.
The bolt of lightning hits the iron golem!
The iron golem resists.
The iron golem is lightly damaged.
The quicksilver elemental misses you.
A hellion comes into view.
The iron golem closely misses you. The iron golem misses you.
A Hell Sentinel comes into view.
You block the Hell Sentinel's attack.
The Hell Sentinel completely misses you.
You take 13 damage, and have 129/193 hp.
You now have 34/48 mp.
Unknown command.
Unknown command.
Unknown command.
Unknown command.
Casting: Chain Lightning (dangerous; 1% risk of failure)
Confirm with . or Enter, or press ? or * to list all spells.
Okay, then.
Unknown command.
Casting: Chain Lightning (dangerous; 1% risk of failure)
Confirm with . or Enter, or press ? or * to list all spells.
You feel a surge of power!
The heat is drained from your surroundings.
The iron giant resists.
The iron giant is almost dead.
The hellion is almost dead.
The quicksilver elemental hits you!
You feel your power leaking away. The iron golem completely misses you.
The iron golem barely misses you. The quicksilver elemental hits you!!
You feel your power leaking away. The quicksilver elemental hits you!!
You feel your power leaking away. The Hell Sentinel hits you!
* * * LOW HITPOINT WARNING * * *
The Hell Sentinel completely misses you.
You take 73 damage, and have 56/193 hp.
MASSIVE DAMAGE!!
You now have 0/48 mp.
Unknown command.
Blink to where?
Press: ? - help, Dir - move target
Okay, then.
Unknown command.
Unknown command.
Blink to where?
Press: ? - help, Dir - move target A Hell Sentinel and a tormentor come into view.
As you read the scroll of blinking, it crumbles to dust.
The tormentor closely misses you. x2
Blink to where?
Press: ? - help, Dir - move target
As you read the scroll of blinking, it crumbles to dust.
Your magical effects are unravelling.
You feel magically purged.
The sentinel's mark upon you fades away.
Unknown command.
Unknown command.
As you read the scroll of teleportation, it crumbles to dust.
You feel strangely unstable. The tormentor misses you.
The tormentor barely misses you.
You are confused.
You feel invigorated.
Your surroundings suddenly seem different.
The iron giant points at you and mumbles some strange words.
The iron shot hits you!!!
* * * LOW HITPOINT WARNING * * *
The Hell Sentinel gestures at you.
The sphere of damnation explodes!
The damnation engulfs you!!
You die...

#.###...###.. #.
.#1.#... ##
.##... .
.###.###.
###.E2##.####
#...1.#..1....#
##...###.1....#
#....
#.......########
...#.
#9C..@........
#.. #.
#............. #.
# #....######+##
#
...##..>9###....#
.1........C..9..#
##+##....E....∩.#
#....##.....#
#######.....#
#......2.


You could see 2 iron golems, an iron giant, 2 Hell Sentinels, a quicksilver
elemental and a hellion.

Vanquished Creatures
  Cerebov (Pan)
  Antaeus (Coc:7)
  the Royal Jelly (Slime:5)
  Mnoleg (Pan)
  Ignacio (Pan)
  Gloorx Vloq (Pan)
  Lom Lobon (Pan)
  Tiamat (Zot:1)
  5 dread liches
  7 ancient liches
  5 orbs of fire
  A juggernaut (Depths:4)
  Mennas (Vaults:5)
  A royal mummy (Zig:6)
  Josephina (Zot:4)
  Bai Suzhen (Swamp:2)
  Vv (Zot:4)
  16 shard shrikes
  A Head Instructor (WizLab)
  Saint Roka (Elf:3)
  8 Killer Klowns
  Geryon (Hell)
  3 caustic shrikes
  4 curse toes
  Nikola (Elf:1)
  14 golden dragons
  Norris (Vaults:1)
  A profane servitor (Zig:10)
  17 pandemonium lords
  4 doom hounds (Hell)
  3 bone dragons
  The ghost of Xajash the Gelid, an adept NaEn of Cheibriados (Vaults:3)
  Jory (Vaults:3)
  9 Brimstone Fiends
  5 Tzitzimimeh
  14 iron giants
  Jorgrun (Swamp:2)
  An electric golem (Zot:2)
  A hellephant (Hell)
  42 Ice Fiends
  20 tentacled monstrosities
  20 Hell Sentinels
  5 deep elf master archers
  Mlioglotl (Swamp:3)
  A quicksilver dragon (shapeshifter) (Zig:19)
  4 deep elf blademasters
  7 quicksilver dragons
  4 sphinxes
  7 liches
  22 acid blobs
  A walking frostbound tome (Depths:2)
  28 Executioners
  14 titans
  2 eldritch tentacles (Pan)
  21 ancient champions
  6 death cobs
  A tentacled starspawn (Zig:10)
  15 shadow dragons
  Frances (Elf:1)
  Roxanne (Elf:1)
  3 nagarajas (Pan)
  21 storm dragons
  4 revenants (Crypt:3)
  Donald (Spider:3)
  8 rockslimes
  Aizul (Elf:1)
  14 demonspawn warmongers
  14 fire giants
  14 protean progenitors
  10 tengu reavers
  A fenstrider witch (Pan)
  6 draconian knights
  7 draconian monks
  10 quicksilver elementals
  11 azure jellies
  3 deep elf sorcerers
  20 iron dragons
  12 frost giants
  12 narguns
  10 draconian scorchers
  5 deep elf elementalists
  6 emperor scorpions
  A caustic shrike zombie (Depths:2)
  14 vault wardens
  6 curse skulls
  2 spectral caustic shrikes (Depths:1)
  34 balrugs
  The ghost of Boicepta the Bludgeoner, a journeyman DsGl of Hepliaklqana (D:15)
  2 draconian shifters
  3 draconian annihilators
  19 cacodemons
  11 shard shrike simulacra
  41 reapers
  4 draconian stormcallers
  9 demonspawn blood saints
  17 ghost moths
  7 quicksilver oozes
  22 stone giants
  15 ghouls
  7 broodmothers
  An orc warlord (Vaults:3)
  14 very ugly things
  6 juggernaut skeletons
  18 ironbound preservers
  7 caustic shrike skeletons
  10 vampire knights
  Nessos (Lair:2)
  8 green draconians
  5 ironbound thunderhulks
  7 formless jellyfish
  11 deep elf demonologists
  2 eleionomae
  12 demonspawn corrupters
  14 demonspawn black suns
  10 black draconians
  9 deep elf annihilators
  24 lorocyprocas
  A putrid mouth (Zig:10)
  5 yellow draconians
  3 dire elephants (Vaults:2)
  14 deep elf death magi
  6 bunyips
  25 elemental wellsprings
  8 spark wasps
  A minotaur (shapeshifter) (Zig:19)
  Azrael (Elf:1)
  6 white draconians
  16 war gargoyles
  21 wendigos
  6 purple draconians
  32 green deaths
  7 eidola
  Snorg (D:14)
  10 red draconians
  19 blizzard demons
  23 ettins
  5 mummy priests
  12 jiangshi
  21 iron golems
  6 entropy weavers
  18 yaktaur captains
  32 vault guards
  A shambling mangrove (Zig:9)
  Fannar (Lair:3)
  3 spectral golden dragons
  8 deep elf high priests
  A peacekeeper (Vaults:3)
  4 spriggan zombies
  17 fire dragons
  11 rakshasas
  14 ice dragons
  A spectral sphinx (Depths:1)
  3 spectral tengu
  18 great orbs of eyes
  A quicksilver dragon skeleton (Crypt:1)
  9 caustic shrike simulacra
  A salamander tyrant (Depths:4)
  4 jorogumos (Pan)
  5 ghost crabs
  4 spriggan air magi
  5 hell beasts
  6 ironbound frosthearts
  11 hydras
  7 juggernaut simulacra
  5 ogre magi
  A fenstrider witch skeleton (Crypt:3)
  3 radroaches
  13 alligators
  A torpor snail (shapeshifter) (Vaults:5)
  17 dancing weapons
  A death scarab (Zig:6)
  5 two-headed ogres
  A spectral fire giant (Depths:1)
  3 death knights
  2 merfolk aquamancers (Pan)
  9 centaur warriors
  8 death yaks
  A spectral frost giant (Depths:1)
  11 vampire magi
  9 boulder beetles
  A sphinx skeleton (Crypt:1)
  13 tengu warriors
  5 hell hogs (Hell)
  3 orc high priests (Orc:2)
  3 shock serpents
  33 demonic crawlers
  6 deep troll shamans
  2 titan zombies (Depths:1)
  A thrashing horror (Zig:10)
  7 deep troll earth magi
  3 occultists
  A naga sharpshooter (Zig:4)
  A storm dragon zombie (Depths:1)
  109 sun demons
  20 hell knights
  11 deep elf knights
  29 soul eaters
  7 spriggan berserkers
  7 hellephant skeletons (Pan)
  5 crystal echidnas
  6 skysharks
  4 shadow wraiths
  21 skeletal warriors
  A spark wasp zombie (Depths:1)
  20 iron trolls
  3 salamander mystics
  3 wretched stars (Zig:10)
  3 pharaoh ants
  A spectral yaktaur (Vaults:3)
  18 sixfirhies
  4 death drakes
  A storm dragon skeleton (Crypt:1)
  An obsidian statue (D:15)
  29 shadow demons
  2 glowing orange brains (Depths:4)
  50 deep trolls
  8 goliath frogs
  8 orb spiders
  4 mana vipers (WizLab)
  2 golden dragon skeletons (Depths:1)
  7 quicksilver dragon simulacra
  A spriggan druid (Swamp:1)
  10 sun moths
  9 swamp dragons
  6 flayed ghosts
  3 orange crystal statues (Zig:3)
  An orb spider (shapeshifter) (Vaults:5)
  2 golden dragon zombies
  19 phantasmal warriors
  A shadow dragon zombie (Vaults:5)
  9 ironbound convokers
  2 bunyip skeletons
  19 bog bodies
  18 deep elf archers
  2 starcursed masses (Zig:10)
  An anaconda skeleton (Crypt:3)
  A lindwurm (shapeshifter) (Zig:19)
  A cherub (Depths:2)
  3 spectral alligators (Swamp:4)
  11 arcanists
  34 deep elf pyromancers
  10 steelbarb worms
  A tengu zombie (Zig:6)
  22 necromancers
  2 fenstrider witch simulacra
  28 ugly things
  Pikel (D:5)
  14 harpies
  2 spectral hydras (Swamp:4)
  7 orc sorcerers
  2 thermic dynamos
  6 orc knights
  2 eyes of devastation (shapeshifter)
  A steelbarb worm (shapeshifter) (Zig:19)
  A lindwurm (Lair:5)
  4 will-o-the-wisps
  A fire giant zombie (Zig:5)
  2 iron dragon zombies
  3 sphinx simulacra
  19 wolf spiders
  A frost giant zombie (Crypt:2)
  35 deep elf zephyrmancers
  4 manticores
  2 tengu skeletons
  2 shadow dragon skeletons
  7 meliai
  A moth of wrath (shapeshifter) (Depths:4)
  A cyclops (shapeshifter) (Zig:19)
  3 human zombies
  3 salamanders
  4 cyclopes
  4 shining eyes
  3 frost giant skeletons
  28 moths of wrath
  4 rust devils
  2 iron dragon skeletons
  Joseph (D:7)
  2 kobold blastminers (Orc:1)
  25 elephants
  18 vault sentinels
  4 molten gargoyles
  5 black mambas
  2 fire giant skeletons
  6 titan simulacra
  2 gargoyles
  2 centaur zombies
  2 apocalypse crabs
  2 dire elephant zombies (Crypt:3)
  A stone giant skeleton (Vaults:3)
  45 large abominations
  3 torpor snails
  2 ice statues
  A water nymph (shapeshifter) (Zig:19)
  8 cane toads
  A naga mage (WizLab)
  46 smoke demons
  21 hellions
  2 storm dragon simulacra (Zot:4)
  4 centaur skeletons
  2 eyes of devastation (Slime:5)
  15 orange demons (Pan)
  Maggie (Lair:2)
  2 unseen horrors (D:11)
  8 komodo dragons
  7 kobold demonologists
  2 spectral humans (Depths:1)
  9 bunyip simulacra
  An orb spider zombie (Crypt:3)
  6 tengu conjurers
  18 efreet
  10 freezing wraiths
  2 golden dragon simulacra
  4 iron giant simulacra
  11 rime drakes
  10 anaconda simulacra
  24 yaktaurs
  2 spark wasp simulacra
  6 hydra zombies (Swamp:4)
  5 spriggan skeletons
  8 guardian mummies
  A red draconian skeleton (Crypt:1)
  9 red devils
  24 tormentors
  2 trolls (shapeshifter)
  3 ice devils
  12 swamp worm zombies
  A harpy zombie (Crypt:3)
  6 bloated husks
  2 tengu simulacra
  12 hornets
  9 trolls
  A hornet (shapeshifter) (Zig:12)
  A sea snake skeleton (Crypt:1)
  A merfolk (shapeshifter) (Vaults:5)
  A hydra skeleton (Crypt:2)
  22 hellwings
  An alligator simulacrum (Crypt:1)
  7 wind drakes
  A raiju (shapeshifter) (Zig:16)
  19 blink frogs
  3 shadow dragon simulacra
  3 stone giant simulacra
  23 tarantellas
  A polar bear (Lair:1)
  7 tyrant leeches
  3 iron dragon simulacra
  A draconian simulacrum (Coc:2)
  4 spectral swamp dragons (Swamp:4)
  An elf zombie (Vaults:3)
  2 glass eyes
  An ettin zombie (Crypt:3)
  An ice dragon zombie (Crypt:2)
  21 jumping spiders
  2 air elementals
  6 spriggans
  2 culicivoras (shapeshifter)
  4 centaur simulacra
  4 ushabtiu (Crypt:3)
  2 shadows
  A black mamba zombie (Crypt:3)
  3 wraiths
  20 culicivoras
  14 dire elephant simulacra
  62 slime creatures
  A deep troll skeleton (Vaults:3)
  2 vampires (D:11)
  6 water elementals
  7 wyverns
  Grum (D:9)
  A black mamba skeleton (Crypt:3)
  36 ynoxinuls
  7 wargs
  30 yaks
  12 fire elementals
  An alligator snapping turtle simulacrum (Coc:3)
  4 tyrant leech zombies (Swamp:4)
  2 green draconian simulacra (Zot:4)
  15 vampire mosquitoes
  7 golden eyes
  12 steam dragons
  A yaktaur simulacrum (Vaults:3)
  54 redbacks
  8 basilisks
  48 chaos spawn
  32 neqoxecs
  2 death yak simulacra (IceCv)
  An elf simulacrum (Vaults:1)
  3 glowing shapeshifter zombies
  19 harpy simulacra
  2 naga zombies (Crypt:3)
  22 swamp worms
  8 acid dragons
  A minotaur simulacrum (Hell)
  Duvessa (D:5)
  13 water moccasins
  An entropy weaver zombie (Crypt:3)
  An ogre skeleton (Vaults:3)
  5 hydra simulacra
  13 hell hounds
  A swamp drake (Zig:17)
  A two-headed ogre skeleton (Hell)
  A cane toad skeleton (Crypt:2)
  40 orc warriors
  A meliai simulacrum (Gauntlet)
  7 ettin simulacra
  3 black bears
  2 sky beasts
  25 laughing skulls
  15 ogres
  7 centaurs
  22 wolves
  A swamp dragon zombie (Swamp:4)
  An elephant skeleton (Crypt:3)
  9 phantoms
  A swamp dragon skeleton (Crypt:1)
  A dream sheep skeleton (Crypt:1)
  4 weeping skulls
  Blork the orc (D:5)
  A hog skeleton (Crypt:1)
  4 lemures (D:5)
  4 kobold brigands
  A brain worm (shapeshifter) (Vaults:5)
  13 bullfrogs
  A brain worm (Pan)
  2 gnoll sergeants (D:11)
  A scorpion (D:4)
  7 earth elementals
  4 human skeletons
  7 two-headed ogre simulacra (IceCv)
  3 cane toad simulacra (IceCv)
  A yaktaur skeleton (Crypt:1)
  A glowing shapeshifter simulacrum (Vaults:3)
  4 wights (Ossuary)
  2 burial acolytes
  Dowan (D:5)
  3 elephant simulacra (IceCv)
  A raiju skeleton (Crypt:3)
  2 howler monkeys
  9 electric eels
  5 lava snakes (Lair:5)
  8 jellies
  8 hounds
  A bombardier beetle (D:7)
  35 orc priests
  2 gnoll boudas
  Jessica (D:3)
  2 sleepcaps
  7 iguanas
  50 orc wizards
  3 polar bear simulacra (IceCv)
  16 hell rats
  15 spriggan simulacra
  5 troll simulacra (IceCv)
  4 wolf simulacra (IceCv)
  9 mummies
  17 gnolls
  8 naga simulacra
  4 adders
  2 shadow imps
  8 white imps
  10 ufetubi
  An adder skeleton (Ossuary)
  An adder zombie (D:10)
  A lava snake skeleton (Crypt:2)
  A ribbon worm (D:2)
  A dart slug (D:1)
  72 orcs
  5 ball pythons
  10 bats
  11 endoplasms
  5 giant cockroaches
  A gnoll zombie (Crypt:1)
  2 goblins
  20 hobgoblins
  4 quokkas
  4 ball python skeletons (Ossuary)
  3 frilled lizards (D:1)
  A frilled lizard skeleton (Crypt:3)
  A hobgoblin skeleton (Ossuary)
  2 jackal zombies (D:10)
  19 kobolds
  A kobold skeleton (Ossuary)
  An orc skeleton (Ossuary)
  4 rats
  7 aspiring fleshes
  A butterfly (Zig:15)
3978 creatures vanquished.

Vanquished Creatures (collateral kills)
  A black draconian (Zot:2)
  An entropy weaver (Spider:3)
  A mana viper (WizLab)
3 creatures vanquished.

Vanquished Creatures (others)
  An ancient lich (Zig:16)
  A Brimstone Fiend (Zig:18)
  8 eldritch tentacles (Pan)
  An emperor scorpion (shapeshifter) (Zig:19)
  A demonspawn corrupter (Zig:18)
  2 hydras (Zig:9)
  A caustic shrike simulacrum (Coc:4)
  A glowing orange brain (shapeshifter) (Zig:19)
  A moth of wrath (Zot:3)
  A smoke demon (Pan)
  A titan simulacrum (Coc:2)
  A komodo dragon (Lair:1)
  A rime drake (Lair:3)
  2 tyrant leeches
  A ynoxinul (Pan)
  A redback (shapeshifter) (Zig:19)
  A steam dragon (Lair:3)
  A chaos spawn (Zig:19)
  An ettin simulacrum (Coc:6)
  4 ball lightnings
  14 foxfires
46 creatures vanquished.

Grand Total: 4027 creatures vanquished

Notes
Turn   | Place    | Note
-------+----------+-------------------------------------------
     0 | D:1      | gimp the Barachi Earth Elementalist began the quest for the
                  | Orb.
     0 | D:1      | Reached XP level 1. HP: 13/13 MP: 3/3
   137 | D:1      | Reached XP level 2. HP: 18/19 MP: 1/5
   436 | D:1      | Found Ruejal's Assorted Antiques.
   495 | D:1      | Bought a scroll labelled JIRETAF SISUS for 24 gold pieces
   495 | D:1      | Bought a scroll labelled NUTITOCKOYM for 24 gold pieces
   506 | D:1      | Reached XP level 3. HP: 24/24 MP: 3/6
  1092 | D:2      | Learned a level 3 spell: Stone Arrow
  1180 | D:2      | Reached XP level 4. HP: 30/30 MP: 4/8
  1245 | D:2      | Noticed Sigmund
  1258 | D:2      | Found a hazy altar of Hepliaklqana.
  1769 | D:3      | Noticed Jessica
  1770 | D:3      | Killed Jessica
  1771 | D:3      | Reached XP level 5. HP: 35/35 MP: 5/9
  1991 | D:3      | Noticed Ijyb
  2244 | D:3      | Found a shimmering blue altar of Sif Muna.
  2918 | D:4      | Reached XP level 6. HP: 41/41 MP: 4/11
  3108 | D:4      | Reached skill level 5 in Conjurations
  3180 | D:4      | Found a runed translucent door.
  3181 | D:4      | Noticed Crazy Yiuf
  3343 | D:4      | Reached XP level 7. HP: 46/46 MP: 2/13
  3472 | D:4      | You are sucked into a shaft and drop 1 floor!
  3472 | D:5      | Entered Level 5 of the Dungeon
  3477 | D:5      | Noticed Duvessa
  3477 | D:5      | Noticed Dowan
  3541 | D:5      | Noticed Blork the orc
  3556 | D:5      | Killed Blork the orc
  3572 | D:5      | Found Zin's Purification Station.
  3579 | D:5      | Found a glowing silver altar of Zin.
  3618 | D:5      | Reached skill level 5 in Earth Magic
  3668 | D:5      | Found a white marble altar of Elyvilon.
  3716 | D:5      | Found a basalt altar of Yredelemnul.
  3787 | D:5      | Reached skill level 5 in Spellcasting
  3809 | D:5      | Found a sand-covered staircase.
  3896 | Ossuary  | Entered an ossuary
  4080 | Ossuary  | Reached XP level 8. HP: 45/52 MP: 8/15
  4490 | Ossuary  | Learned a level 3 spell: Passwall
  4644 | D:5      | Killed Dowan
  4673 | D:5      | Noticed Pikel
  4686 | D:5      | Killed Pikel
  4884 | D:5      | Reached XP level 9. HP: 57/57 MP: 6/19
  4964 | D:5      | Found a hide-covered altar of Uskayaw.
  5119 | D:5      | Killed Duvessa
  5380 | D:6      | Found Vusk's Magic Scroll Shoppe.
  5438 | D:6      | Bought a scroll of fear for 40 gold pieces
  5438 | D:6      | Bought a scroll of identify for 20 gold pieces
  5438 | D:6      | Bought a scroll of poison for 40 gold pieces
  5438 | D:6      | Bought a scroll of immolation for 40 gold pieces
  5438 | D:6      | Bought a scroll of vulnerability for 40 gold pieces
  5442 | D:6      | Reached XP level 10. HP: 63/63 MP: 20/27
  5527 | D:6      | Found a broken altar of Ashenzari.
  5535 | D:6      | Found a shimmering altar of Xom.
  5535 | D:6      | Found an ornate altar of the Wu Jian Council.
  5616 | D:6      | Found a staircase to the Ecumenical Temple.
  5630 | Temple   | Entered the Ecumenical Temple
  5640 | Temple   | Became a worshipper of Vehumet
  7158 | D:7      | Reached * piety under Vehumet
  7158 | D:7      | Offered knowledge of Magic Dart by Vehumet.
  7348 | D:7      | Noticed Joseph
  7353 | D:7      | Killed Joseph
  7354 | D:7      | Reached skill level 1 in Fighting
  7668 | D:7      | Identified the +1 spear "Ugehysk" {flame, Will+ rCorr
                  | Dex+4}
  8109 | D:8      | Found a blossoming altar of Fedhas.
  8625 | D:8      | Found a hazy altar of Hepliaklqana.
  8635 | D:8      | Reached XP level 11. HP: 74/74 MP: 22/29
  8774 | D:9      | Found a staircase to the Lair.
  8838 | D:9      | Offered knowledge of Foxfire by Vehumet.
  8842 | D:9      | Reached ** piety under Vehumet
  8915 | D:9      | Noticed Grum
  8923 | D:9      | Killed Grum
  9801 | D:10     | Entered Level 10 of the Dungeon
  9801 | D:10     | Noticed a two-headed ogre
  9801 | D:10     | Found a sparkling altar of Nemelex Xobeh.
  9807 | D:10     | Killed a two-headed ogre
 10213 | D:10     | Reached skill level 5 in Fighting
 10577 | D:10     | Found an ancient bone altar of Kikubaaqudgha.
 11168 | D:11     | Offered knowledge of Dazzling Flash by Vehumet.
 11181 | D:11     | Reached skill level 10 in Earth Magic
 11371 | D:11     | Reached skill level 15 in Spellcasting
 11829 | D:11     | Noticed a manticore
 11836 | D:11     | Killed a manticore
 11836 | D:11     | Reached *** piety under Vehumet
 12062 | D:11     | Reached XP level 12. HP: 69/86 MP: 3/31
 12286 | D:11     | Found a staircase to the Orcish Mines.
 12299 | D:11     | Reached skill level 5 in Dodging
 12801 | Lair:1   | Entered Level 1 of the Lair of Beasts
 12821 | Lair:1   | Offered knowledge of Flame Wave by Vehumet.
 12822 | Lair:1   | Noticed a death yak
 12822 | Lair:1   | Noticed a death yak
 12824 | Lair:1   | Noticed a death yak
 12828 | Lair:1   | Noticed a death yak
 12903 | Lair:1   | Found a gate leading to a gauntlet.
 12924 | Gauntlet | Entered a Gauntlet
 12924 | Gauntlet | Found a transporter.
 12925 | Gauntlet | Found a runed translucent door.
 12929 | Gauntlet | Noticed a quicksilver ooze
 12932 | Gauntlet | Found a transporter.
 12934 | Gauntlet | Found a transporter.
 12934 | Gauntlet | Found a transporter.
 12937 | Gauntlet | Found a transporter.
 12938 | Gauntlet | Found a transporter.
 12948 | Gauntlet | Found a transporter.
 12949 | Gauntlet | Found a transporter.
 12972 | Gauntlet | Found a transporter.
 12973 | Gauntlet | Found a transporter.
 12976 | Gauntlet | Noticed an eight-headed hydra
 12981 | Gauntlet | Found a transporter.
 13012 | Gauntlet | Found a transporter.
 13137 | Gauntlet | Identified the +2 pair of boots of the Stopping Gods {rElec
                  | rC+ Int+3}
 13236 | Gauntlet | Identified the +2 pair of boots of Tenacity {rC+ Regen+
                  | Str+3}
 13253 | Gauntlet | Learned a level 4 spell: Petrify
 13256 | Gauntlet | Found the +7 great mace "Firestarter" {flame, immolate,
                  | rFlCloud rF++}
 13256 | Gauntlet | Noticed a minotaur
 13405 | Lair:1   | Learned a level 4 spell: Flame Wave
 13533 | Lair:1   | Reached **** piety under Vehumet
 13745 | Lair:1   | Offered knowledge of Olgreb's Toxic Radiance by Vehumet.
 13800 | Lair:1   | Learned a level 4 spell: Olgreb's Toxic Radiance
 13859 | Lair:1   | Killed a death yak
 13860 | Lair:1   | Reached skill level 1 in Alchemy
 13862 | Lair:1   | Killed a death yak
 13865 | Lair:1   | Killed a death yak
 13866 | Lair:1   | Killed a death yak
 14343 | Lair:2   | Noticed Maggie
 14453 | Lair:2   | Killed Maggie
 14984 | Lair:2   | Gained mutation: You can hop long distances. [Barachi
                  | growth]
 14984 | Lair:2   | Reached XP level 13. HP: 86/91 MP: 22/33
 15130 | Lair:2   | Reached ***** piety under Vehumet
 15160 | Lair:2   | Offered knowledge of Arcjolt by Vehumet.
 15964 | Lair:3   | Noticed Nessos
 15984 | Lair:2   | Killed Nessos
 16142 | Lair:3   | Found a staircase to the Swamp.
 16312 | Lair:3   | Reached skill level 5 in Alchemy
 17470 | Lair:3   | Found a hole to the Spider Nest.
 17684 | Lair:3   | Noticed Fannar
 17692 | Lair:3   | Killed Fannar
 18181 | Lair:4   | Found a frozen archway.
 18243 | Lair:4   | Reached XP level 14. HP: 98/98 MP: 3/36
 18377 | IceCv    | Entered an ice cave
 19011 | IceCv    | Noticed a reaper
 19027 | IceCv    | Killed a reaper
 19731 | Lair:4   | Found the ring of the Hare {EV+10}
 20376 | Lair:5   | Entered Level 5 of the Lair of Beasts
 20382 | Lair:5   | Reached skill level 10 in Dodging
 20382 | Lair:5   | Offered knowledge of Orb of Destruction by Vehumet.
 20560 | Lair:5   | Identified the +0 leather armour of Tokyq {rElec rC+ Will-}
 21206 | Lair:5   | Found a viscous altar of Jiyva.
 21207 | Lair:5   | Found a staircase to the Slime Pits.
 21306 | Lair:5   | Learned a level 7 spell: Orb of Destruction
 21454 | Lair:5   | Reached skill level 1 in Evocations
 21743 | Lair:5   | Found a large runed translucent door.
 21905 | Lair:5   | Found a large runed translucent door.
 22868 | Orc:1    | Entered Level 1 of the Orcish Mines
 23154 | Orc:2    | Entered Level 2 of the Orcish Mines
 23167 | Orc:1    | Reached XP level 15. HP: 74/103 MP: 35/38
 23209 | Orc:1    | Offered knowledge of Plasma Beam by Vehumet.
 23220 | Orc:1    | Learned a level 6 spell: Plasma Beam
 23288 | Orc:2    | Reached skill level 1 in Fire Magic
 23288 | Orc:2    | Reached skill level 1 in Air Magic
 23301 | Orc:2    | Reached ****** piety under Vehumet
 23313 | Orc:2    | Found a staircase to the Elven Halls.
 23631 | Orc:2    | Offered knowledge of Lee's Rapid Deconstruction by Vehumet.
 24202 | Orc:2    | Found Wuashro's Book Boutique.
 24202 | Orc:2    | Found Uppaufe's Distillery.
 24202 | Orc:2    | Found Moma's Antique Armour Shop.
 24207 | Orc:2    | Found Wonauf's Armour Boutique.
 24220 | Orc:2    | Bought a book of the Dragon for 546 gold pieces
 24226 | Orc:2    | Learned a level 5 spell: Fireball
 24493 | Orc:1    | Found Giriekunn's Armour Emporium.
 24845 | D:12     | Learned a level 4 spell: Iskenderun's Mystic Blast
 26052 | D:13     | Reached skill level 5 in Evocations
 26356 | D:13     | Reached skill level 5 in Air Magic
 26359 | D:13     | Reached skill level 5 in Fire Magic
 26518 | D:13     | Found a portal to a secret trove of treasure.
 27415 | D:14     | Found an ornate altar of the Wu Jian Council.
 27419 | D:14     | Noticed Snorg
 27422 | D:14     | Killed Snorg
 27772 | D:14     | Offered knowledge of Bombard by Vehumet.
 28045 | D:14     | Reached XP level 16. HP: 109/109 MP: 30/40
 28358 | D:14     | Found a gate to the Vaults.
 28624 | D:15     | Entered Level 15 of the Dungeon
 28784 | D:15     | Got the Omnibus of the Freezing Mantle
 29032 | D:15     | Identified the +0 leather armour of Restlessness {Dex+3
                  | Slay+2}
 29034 | D:15     | Identified the +3 war axe "Apreo" {speed, +Blink rC+}
 29560 | D:15     | Found a runed translucent gate.
 29560 | D:15     | Noticed Boicepta's ghost (journeyman DsGl)
 29561 | D:15     | Found a runed translucent gate.
 29561 | D:15     | Found an opulent altar of Gozag.
 29562 | D:15     | Found a runed translucent gate.
 30448 | D:15     | Found a staircase to the Depths.
 30911 | Spider:1 | Entered Level 1 of the Spider Nest
 31405 | Swamp:1  | Entered Level 1 of the Swamp
 31599 | Swamp:1  | Offered knowledge of Permafrost Eruption by Vehumet.
 31609 | Swamp:1  | Learned a level 6 spell: Permafrost Eruption
 31675 | Swamp:1  | Learned a level 5 spell: Irradiate
 31694 | Swamp:1  | Reached skill level 1 in Shields
 32239 | Swamp:1  | Found a hide-covered altar of Uskayaw.
 32723 | Swamp:2  | Noticed Jorgrun
 32890 | Swamp:2  | Killed Jorgrun
 33571 | Swamp:3  | Noticed Bai Suzhen
 33763 | Swamp:3  | Reached skill level 10 in Fire Magic
 33763 | Swamp:3  | Reached skill level 10 in Air Magic
 33770 | Swamp:3  | Reached XP level 17. HP: 115/115 MP: 10/41
 34858 | Swamp:3  | Offered knowledge of Maxwell's Capacitive Coupling by
                  | Vehumet.
 34868 | Swamp:3  | Learned a level 8 spell: Maxwell's Capacitive Coupling
 35344 | Swamp:4  | Entered Level 4 of the Swamp
 35362 | Swamp:4  | Noticed Mlioglotl
 35712 | Swamp:3  | Killed Mlioglotl
 37660 | Swamp:4  | Reached skill level 5 in Shields
 37825 | Swamp:4  | Noticed a bone dragon
 37834 | Swamp:4  | Killed a bone dragon
 37902 | Swamp:4  | Got a decaying rune of Zot
 37972 | Swamp:2  | Killed Bai Suzhen
 38624 | Spider:1 | Offered knowledge of Lehudib's Crystal Spear by Vehumet.
 38624 | Spider:1 | Offered knowledge of Shatter by Vehumet.
 38624 | Spider:1 | Offered knowledge of Chain Lightning by Vehumet.
 40144 | Spider:2 | Reached XP level 18. HP: 121/121 MP: 5/42
 42102 | Spider:3 | Noticed Donald
 42108 | Spider:3 | Killed Donald
 42427 | Spider:4 | Entered Level 4 of the Spider Nest
 44746 | Spider:4 | Got a gossamer rune of Zot
 45130 | Vaults:1 | Entered Level 1 of the Vaults
 45142 | D:14     | Learned a level 8 spell: Ignition
 45734 | Vaults:1 | Noticed Norris
 45803 | D:14     | Reached XP level 19. HP: 43/126 MP: 5/44
 45984 | Vaults:1 | Killed Norris
 47527 | Vaults:2 | Reached skill level 15 in Fire Magic
 47527 | Vaults:2 | Reached skill level 15 in Air Magic
 47858 | Vaults:2 | Identified the +2 chain mail of Ynupn {Rampage rElec}
 48081 | Vaults:2 | Found a staircase to the Crypt.
 48885 | Vaults:2 | Reached skill level 1 in Ice Magic
 49747 | Vaults:3 | Reached XP level 20. HP: 133/133 MP: 7/45
 50477 | Vaults:3 | Reached skill level 5 in Ice Magic
 51065 | Vaults:3 | Noticed Jory
 51069 | Vaults:3 | Killed Jory
 51192 | Vaults:3 | Found a runed translucent gate.
 51192 | Vaults:3 | Found a runed translucent gate.
 51192 | Vaults:3 | Found a runed translucent gate.
 51194 | Vaults:3 | Noticed Xajash's ghost (adept NaEn)
 51648 | Vaults:3 | Killed Xajash's ghost
 51792 | Vaults:4 | Found a magical portal.
 51797 | WizLab   | Entered Yara's Duelist Academy
 52330 | WizLab   | Noticed Qesoukhli
 52336 | WizLab   | Killed Qesoukhli the Head Instructor
 52499 | WizLab   | Learned a level 1 spell: Apportation
 53502 | Vaults:4 | Found Caymufaj's Assorted Antiques.
 53604 | Vaults:4 | Bought a scroll of teleportation for 120 gold pieces
 53604 | Vaults:4 | Bought a scroll of fear for 160 gold pieces
 53604 | Vaults:4 | Bought a potion of magic for 320 gold pieces
 53604 | Vaults:4 | Bought a wand of iceblast (4) for 384 gold pieces
 53612 | Vaults:4 | Identified a scroll of acquirement
 53641 | Vaults:4 | Acquired 863 gold pieces
 53755 | Vaults:4 | Reached XP level 21. HP: 146/146 MP: 41/47
 54098 | Vaults:4 | Paralysed by a formless jellyfish for 1 turns
 54316 | Vaults:4 | Learned a level 7 spell: Ozocubu's Refrigeration
 54639 | Elf:1    | Entered Level 1 of the Elven Halls
 54761 | Elf:1    | Reached skill level 10 in Ice Magic
 54773 | Elf:1    | Noticed Nikola
 55057 | Elf:1    | Killed Nikola
 55174 | Elf:1    | Identified the serpent talisman "Porchi Sifao" {Int+9
                  | Dex+4}
 55174 | Elf:1    | Noticed Aizul
 55179 | Elf:1    | Killed Aizul
 55238 | Elf:1    | Got the Annotations on Companions
 55292 | Elf:1    | Noticed Roxanne
 55296 | Elf:1    | Killed Roxanne
 55871 | Elf:1    | Found Omiec's Jewellery Shop.
 56256 | Elf:1    | Noticed Frances
 56256 | Elf:1    | Noticed Azrael
 56262 | Elf:1    | Killed Frances
 56266 | Elf:1    | Killed Azrael
 56977 | Elf:2    | Found a runed translucent gate.
 56977 | Elf:2    | Found a runed translucent gate.
 57052 | Elf:2    | Found a runed translucent gate.
 57125 | Elf:3    | Entered Level 3 of the Elven Halls
 57125 | Elf:3    | Noticed Saint Roka
 57136 | Elf:3    | Killed Saint Roka
 57820 | Elf:3    | Identified the +8 plate armour of Evolution {+Blink rPois}
 58000 | Elf:3    | Identified the +2 leather armour of Unwydwoq {rN++}
 58329 | Elf:3    | Identified the ring "Hustraozxo" {EV+5 Dex+3}
 58688 | Elf:3    | Identified the staff of Hospitality {rElec Ice Air Alchemy}
 58721 | Elf:3    | Identified the +0 buckler "Qeidec" {rElec rPois Str-4}
 58864 | Elf:3    | Reached XP level 22. HP: 143/157 MP: 40/48
 59149 | Elf:3    | Identified the +3 arbalest "gimp's Peril" {antimagic, rElec
                  | rCorr Str+2}
 59311 | Elf:3    | Identified the +1 trident "Bejaygh" {holy, *Noise rC+ rN+}
 59632 | Elf:3    | Got the Exposition on Weather
 60090 | Depths:1 | Entered Level 1 of the Depths
 60221 | Depths:1 | Found Laepev's Jewellery Emporium.
 60231 | Depths:1 | Bought the amulet of Ephemeral Luck {Fly RegenMP+} for 625
                  | gold pieces
 60271 | Depths:1 | Found an ancient bone altar of Kikubaaqudgha.
 60484 | Depths:1 | Reached skill level 15 in Earth Magic
 60621 | Depths:1 | Identified the +1 chain mail "Nioner" {rN+}
 60760 | Depths:1 | Identified the +5 shortbow "Ylaskob" {speed, Will+}
 61087 | Depths:1 | Identified the +2 war axe of Buxtumne {freeze, +Blink rF+
                  | rN++ Dex-2}
 61129 | Depths:1 | Identified the +9 plate armour "Pekoc" {*Slow rN++ Will+}
 61733 | Depths:1 | Reached skill level 15 in Ice Magic
 61898 | Depths:1 | Found Laacyul's Weapon Emporium.
 61902 | Depths:1 | Found Buruuvuh's Armour Emporium.
 61916 | Depths:1 | Found a one-way gate to the infinite horrors of the Abyss.
 61995 | Depths:1 | Identified the staff "Moetuke" {rPois rF+ rC+ Ice}
 62554 | Depths:1 | Found a gateway to Hell.
 62604 | Depths:2 | Paralysed by a vampire knight for 3 turns
 62706 | Depths:2 | Reached XP level 23. HP: 162/162 MP: 50/50
 63206 | Depths:2 | Identified the amulet of Imitiof {RegenMP+ Int+5}
 63528 | Depths:2 | Found a one-way gate leading to the halls of Pandemonium.
 63610 | Depths:2 | Found a blossoming altar of Fedhas.
 64990 | Depths:3 | Noticed a golden dragon
 64995 | Depths:3 | Killed a golden dragon
 65075 | Depths:3 | Noticed a caustic shrike
 65079 | Depths:3 | Killed a caustic shrike
 65899 | D:13     | You paid a toll of a +7 demon blade to enter a treasure
                  | trove
 65900 | Trove    | Entered a treasure trove
 65919 | Trove    | Identified the amulet "Avookozyan" {Reflect rPois rC+ Int+5
                  | SH+5}
 65940 | Trove    | Identified the +9 rapier of the Twenty Hells {freeze,
                  | +Blink rElec rCorr Stlth-}
 65941 | Trove    | Identified the +9 trident of the Hungering Rat {vamp,
                  | Int+3}
 66249 | Slime:1  | Entered Level 1 of the Pits of Slime
 66958 | Slime:5  | Entered Level 5 of the Pits of Slime
 67015 | Slime:5  | Reached XP level 24. HP: 138/169 MP: 25/50
 67075 | Slime:5  | Noticed the Royal Jelly
 67082 | Slime:5  | Killed the Royal Jelly
 67552 | Slime:5  | Identified the +1 ring mail of the Abyss {rCorr Int+2}
 67638 | Slime:5  | Got a slimy rune of Zot
 67649 | Slime:5  | Identified the +5 scimitar "Loenloj" {venom, rC+ MP+9 SInv
                  | Stlth+}
 67662 | Slime:5  | Identified the +9 dagger of Ponatui {flame, ^Fragile rF+
                  | rN++ Str+2}
 67699 | Slime:5  | Identified the ring of Vaxayblumu {rF+ Int+6}
 67723 | Slime:5  | Learned a level 9 spell: Shatter
 68129 | D:15     | Killed Boicepta's ghost
 68803 | Crypt:1  | Entered Level 1 of the Crypt
 69751 | Crypt:1  | Found the +1 cloak of Starlight {*Dazzle EV+4 Stlth--}
 71537 | Crypt:3  | Entered Level 3 of the Crypt
 71673 | Crypt:3  | Found a staircase to the Tomb.
 71851 | Crypt:3  | Reached XP level 25. HP: 175/175 MP: 46/51
 72299 | Crypt:3  | Identified the +9 short sword "Ynink" {venom, MP+9}
 72545 | Crypt:3  | Identified the +3 leather armour of Inaction {Str-5 Int+5}
 73111 | Crypt:3  | Identified the -1 pair of gloves of the Garden {Rampage rC-
                  | Dex+3}
 73349 | Crypt:3  | Found a basalt altar of Yredelemnul.
 74300 | Crypt:3  | Found a basalt altar of Yredelemnul.
 74304 | Crypt:3  | Found an ancient bone altar of Kikubaaqudgha.
 74323 | Crypt:3  | Identified the +9 spear of Kihoneq {elec, ^Contam *Rage
                  | rC+++ Int+3}
 74351 | Crypt:3  | Learned a level 2 spell: Blink
 74351 | Crypt:3  | Identified the staff of the Hills {rN+ Necro Ice}
 75357 | Depths:4 | Entered Level 4 of the Depths
 75763 | Depths:4 | Found a gate to the Realm of Zot.
 75799 | Depths:4 | Noticed a juggernaut
 75803 | Depths:4 | Killed a juggernaut
 76116 | Depths:4 | Found a one-way gateway to a ziggurat.
 76543 | Zot:1    | Entered Level 1 of the Realm of Zot
 76678 | Zot:1    | Noticed an orb of fire
 76683 | Zot:1    | Killed an orb of fire
 76828 | Zot:1    | Reached XP level 26. HP: 99/183 MP: 32/52
 77128 | Zot:1    | Noticed an orb of fire
 77132 | Zot:1    | Noticed an orb of fire
 77139 | Zot:1    | Killed an orb of fire
 77140 | Zot:1    | Reached skill level 10 in Fighting
 77143 | Zot:1    | Killed an orb of fire
 77680 | Zot:1    | Found an ancient bone altar of Kikubaaqudgha.
 77705 | Zot:1    | Found the +4 dragonskin cloak {Aegis}
 77705 | Zot:1    | Noticed Tiamat
 77980 | Zot:1    | Killed Tiamat
 78274 | Zot:2    | Reached skill level 15 in Dodging
 78361 | Zot:2    | Noticed a Killer Klown
 78949 | Zot:2    | Killed a Killer Klown
 79064 | Zot:2    | Identified the storm talisman "Ebleaxa" {Dex+2}
 79530 | Zot:3    | Noticed an orb of fire
 79535 | Zot:3    | Killed an orb of fire
 79792 | Zot:3    | Learned a level 8 spell: Lehudib's Crystal Spear
 80760 | Zot:3    | Noticed an orb of fire
 80765 | Zot:3    | Killed an orb of fire
 81123 | Zot:3    | Identified the +1 mace "Acumus" {drain, rN+ Int+2}
 81568 | Zot:4    | Noticed a Killer Klown
 81571 | Zot:4    | Killed a Killer Klown
 81919 | Zot:4    | Noticed Vv
 81924 | Zot:4    | Killed Vv
 82105 | Zot:4    | Identified the ring of Zeib {Ice ^Drain rElec Slay+5}
 82105 | Zot:4    | Noticed Josephina
 82112 | Zot:4    | Killed Josephina
 82312 | Zot:4    | Identified the +8 hand cannon of Objectivity {flame, rC+++
                  | Str-2 Dex+3}
 82502 | Zot:5    | Entered Level 5 of the Realm of Zot
 82507 | Zot:5    | Reached XP level 27. HP: 121/201 MP: 36/52
 83025 | Vaults:5 | Entered Level 5 of the Vaults
 83038 | Vaults:5 | Noticed Mennas
 83232 | Vaults:5 | Killed Mennas
 83663 | Vaults:5 | Identified the +2 robe "Luisoc" {rElec Str+3 Int-3}
 83791 | Vaults:5 | Reached skill level 15 in Fighting
 83963 | Vaults:5 | Found Muanimucay's Magic Scroll Shop.
 83979 | Vaults:5 | Got Kegiapas's Dissertation on Marshalled Maleficia
 83996 | Vaults:5 | Bought a scroll of teleportation for 42 gold pieces
 83996 | Vaults:5 | Bought a scroll of teleportation for 42 gold pieces
 84156 | Vaults:5 | Identified the +2 ring mail of Darkness {^Drain rPois rCorr
                  | Dex-2}
 84806 | Vaults:5 | Got a silver rune of Zot
 85532 | Pan      | Entered Pandemonium
 85967 | Pan      | Gained mutation: Your muscles are strong. (Str +4, Int/Dex
                  | -1) [a cacodemon]
 86187 | Pan      | Noticed Rosmul the pandemonium lord
 86194 | Pan      | Killed Rosmul the pandemonium lord
 86240 | Pan      | Identified the +7 whip "Roogam" {distort, Dex+2}
 86250 | Pan      | Identified the +9 mace of Zuez {freeze, Str+4}
 86279 | Pan      | Lost mutation: Your muscles are strong. (Str +4, Int/Dex
                  | -1) [a neqoxec]
 86910 | Pan      | Gained mutation: You occasionally shout uncontrollably at
                  | your foes. [a neqoxec]
 88292 | Pan      | Found a runed translucent door.
 88303 | Pan      | Got a demonic rune of Zot
 88946 | Pan      | Noticed Peebbux the pandemonium lord
 89064 | Pan      | Found a transporter.
 89144 | Pan      | Noticed Ignacio
 89148 | Pan      | Killed Ignacio
 89682 | Pan      | Found a transporter.
 89744 | Pan      | Reached skill level 27 in Spellcasting
 89914 | Pan      | Identified the ring of Sif Muna's Regard {rElec Will+ rCorr
                  | AC+4}
 89928 | Pan      | Identified the ring "Wioq" {Str+6 SInv}
 90063 | Pan      | Noticed Ligyen the pandemonium lord
 90472 | Pan      | Killed Ligyen the pandemonium lord
 90550 | Pan      | Found an exit through the horrors of the Abyss.
 92707 | Pan      | Noticed Mufeshop the pandemonium lord
 92712 | Pan      | Killed Mufeshop the pandemonium lord
 92740 | Pan      | Identified the +7 spear "Xoxoq" {antimagic, rElec rPois rC-
                  | Int+4}
 92755 | Pan      | Entered the realm of Lom Lobon.
 93515 | Pan      | Noticed Lom Lobon
 93548 | Pan      | Killed Lom Lobon
 93666 | Pan      | Got a magical rune of Zot
 94470 | Pan      | Found an exit through the horrors of the Abyss.
 94501 | Pan      | Noticed Woinu the pandemonium lord
 94506 | Pan      | Killed Woinu the pandemonium lord
 96676 | Pan      | Noticed Qeuxkiv the pandemonium lord
 96680 | Pan      | Killed Qeuxkiv the pandemonium lord
 96764 | Pan      | Entered the realm of Gloorx Vloq.
 97422 | Pan      | Noticed Gloorx Vloq
 97429 | Pan      | Killed Gloorx Vloq
 98704 | Pan      | Got a dark rune of Zot
 98941 | Pan      | Found an exit through the horrors of the Abyss.
 99203 | Pan      | Entered the realm of Mnoleg.
 99328 | Pan      | Gained mutation: You are frail. (-10% HP) [a cacodemon]
 99355 | Pan      | Noticed Mnoleg
 99355 | Pan      | Gained mutation: You are vulnerable to cold. (rC-) [a
                  | cacodemon]
 99411 | Pan      | Gained mutation: Your body sometimes deteriorates upon
                  | taking damage. [a cacodemon]
 99420 | Pan      | Got a glowing rune of Zot
 99645 | Pan      | Lost mutation: Your body sometimes deteriorates upon taking
                  | damage. [potion of mutation]
 99645 | Pan      | Lost mutation: You are frail. (-10% HP) [potion of
                  | mutation]
 99645 | Pan      | Gained mutation: You are frail. (-10% HP) [potion of
                  | mutation]
 99645 | Pan      | Gained mutation: You are very frail. (-20% HP) [potion of
                  | mutation]
 99645 | Pan      | Gained mutation: You passively dampen the noise of your
                  | surroundings. [potion of mutation]
 99645 | Pan      | Gained mutation: You have sharp fingernails. [potion of
                  | mutation]
 99646 | Pan      | Lost mutation: You are vulnerable to cold. (rC-) [potion of
                  | mutation]
 99646 | Pan      | Lost mutation: You passively dampen the noise of your
                  | surroundings. [potion of mutation]
 99646 | Pan      | Gained mutation: You are partially covered in iridescent
                  | scales. (AC +2) [potion of mutation]
 99646 | Pan      | Gained mutation: You have an increased reservoir of magic.
                  | (+10% MP) [potion of mutation]
 99647 | Pan      | Lost mutation: You have an increased reservoir of magic.
                  | (+10% MP) [potion of mutation]
 99647 | Pan      | Lost mutation: You are partially covered in iridescent
                  | scales. (AC +2) [potion of mutation]
 99647 | Pan      | Gained mutation: Your spells are a little harder to cast,
                  | but a little more powerful. [potion of mutation]
 99647 | Pan      | Gained mutation: You are agile. (Dex +4, Str/Int -1)
                  | [potion of mutation]
 99648 | Pan      | Lost mutation: You are agile. (Dex +4, Str/Int -1) [potion
                  | of mutation]
 99648 | Pan      | Lost mutation: You are very frail. (-20% HP) [potion of
                  | mutation]
 99648 | Pan      | Lost mutation: Your spells are a little harder to cast, but
                  | a little more powerful. [potion of mutation]
 99648 | Pan      | Gained mutation: Your health recovers twice as slowly from
                  | being drained. [potion of mutation]
 99648 | Pan      | Gained mutation: Your muscles are strong. (Str +4, Int/Dex
                  | -1) [potion of mutation]
 99648 | Pan      | Gained mutation: Your spells are a little harder to cast,
                  | but a little more powerful. [potion of mutation]
 99796 | Pan      | Found a runed translucent door.
 99821 | Pan      | Found a runed translucent door.
 99828 | Pan      | Found a runed translucent door.
 99835 | Pan      | Noticed Cinyt the pandemonium lord
 99840 | Pan      | Killed Cinyt the pandemonium lord
 99848 | Pan      | Found a runed translucent door.
 99860 | Pan      | Identified the +1 falchion of Exquisite Death {protect,
                  | *Rage rC- Int+8 Stlth+}
 99961 | Pan      | Noticed Cet Tiyt the pandemonium lord
100005 | Pan      | Killed Cet Tiyt the pandemonium lord
100204 | Pan      | Entered the realm of Cerebov.
100226 | Pan      | Noticed Mnoleg
100536 | Pan      | Identified the ring of Xom's Passing Interest {rN++ MP+9
                  | AC+4 Str-5 Stlth+}
100925 | Pan      | Paralysed by Mnoleg for 1 turns
102105 | Pan      | Killed Mnoleg
102900 | Pan      | Found the +6 sword of Cerebov {flame}
102900 | Pan      | Noticed Cerebov
103072 | Pan      | Killed Cerebov
103108 | Pan      | Got the Quarto of Hyperthermia
103127 | Pan      | Identified the staff of Gel Nikh {rF+ rC- rCorr Int+4 Dex+2
                  | Fire}
103201 | Pan      | Got a fiery rune of Zot
103212 | Pan      | Learned a level 9 spell: Chain Lightning
103263 | Pan      | Found a huge runed translucent gate.
103263 | Pan      | Found a huge runed translucent gate.
103269 | Pan      | Found a huge runed translucent gate.
103269 | Pan      | Found a huge runed translucent gate.
103297 | Pan      | Noticed a seraph
103298 | Pan      | Found a glowing golden altar of the Shining One.
103301 | Depths:2 | Escaped Pandemonium
103484 | Zig:1    | Entered Level 1 of a ziggurat
103497 | Zig:2    | Entered Level 2 of a ziggurat
103511 | Zig:3    | Entered Level 3 of a ziggurat
103529 | Zig:4    | Entered Level 4 of a ziggurat
103577 | Zig:5    | Entered Level 5 of a ziggurat
103595 | Zig:5    | Identified the ring "Seagg" {rF+ MP-9 EV+5 Int+4 SInv}
103600 | Zig:6    | Entered Level 6 of a ziggurat
103604 | Zig:6    | Noticed a royal mummy
103607 | Zig:6    | Killed a royal mummy
103951 | Zig:6    | Identified the orb of Bomiqib {mayhem, -Tele Str+5 Summ}
103960 | Zig:7    | Entered Level 7 of a ziggurat
103963 | Zig:7    | Noticed an ancient lich
103966 | Zig:7    | Killed an ancient lich
104033 | Zig:7    | Identified the staff "Toawit" {^Drain Fly rPois rF++ Ice
                  | Alchemy}
104054 | Zig:8    | Entered Level 8 of a ziggurat
104122 | Zig:8    | Identified the +2 leather armour of the Lair of Beasts
                  | {rCorr MP+9 Str+3}
104140 | Zig:9    | Entered Level 9 of a ziggurat
104185 | Zig:9    | Reached skill level 10 in Conjurations
104192 | Zig:10   | Entered Level 10 of a ziggurat
104368 | Zig:10   | Identified the ring "Caxael" {Will+ Int+6 Dex+3 Slay+5}
104375 | Zig:10   | Got the Treatise on Scorched Last Rites
104396 | Zig:11   | Entered Level 11 of a ziggurat
104405 | Zig:11   | Found the +2 hat of the Bear Spirit {Spirit, Bear, *Rage
                  | Will++}
104406 | Zig:11   | Noticed Xeommudgh the pandemonium lord
104409 | Zig:11   | Killed Xeommudgh the pandemonium lord
104410 | Zig:11   | Reached skill level 27 in Fighting
104461 | Zig:11   | Identified the amulet of the Invisible Hand {Acrobat rPois}
104492 | Zig:12   | Entered Level 12 of a ziggurat
104567 | Zig:12   | Identified the +0 scale mail "Nuasy" {Str+3 Int+4}
104621 | Zig:13   | Entered Level 13 of a ziggurat
104743 | Zig:13   | Identified the +1 arbalest of Embarrassment {freeze, rF+
                  | rN+}
104747 | Zig:13   | Identified the +8 orcbow of the Solstice {drain, rElec
                  | Int+3}
104748 | Zig:13   | Identified the staff of Uziufrora {rC- Will+ Conj Earth}
104794 | Zig:13   | Acquired the +0 cloak of Valour {Harm rC++ Slay+3}
104829 | Zig:14   | Entered Level 14 of a ziggurat
104843 | Zig:14   | Found the macabre finger necklace {Finger+ rN+}
104844 | Zig:14   | Noticed Baatiwes the pandemonium lord
104851 | Zig:14   | Killed Baatiwes the pandemonium lord
104916 | Zig:14   | Identified the +3 shortbow "Dragonslayer" {flame, rPois rC+
                  | Int+2}
104919 | Zig:14   | Got Goatottog's Catalogue of the Cunning Cwm
104922 | Zig:14   | Identified the +1 plate armour "Lekagub" {Str+4}
104991 | Zig:15   | Entered Level 15 of a ziggurat
105009 | Zig:15   | Reached skill level 15 in Conjurations
105074 | Zig:15   | Identified the staff of Qoeg {rN++ MP+9 Str-4 Conj}
105079 | Zig:15   | Got the Grimoire of Vapourous Accomplices
105082 | Zig:15   | Identified the staff of Hepliaklqana's Esteem {rF+ Will+
                  | Conj Air}
105131 | Zig:16   | Entered Level 16 of a ziggurat
105141 | Zig:16   | Noticed a dread lich
105143 | Zig:16   | Noticed a dread lich
105144 | Zig:16   | Noticed an ancient lich
105144 | Zig:16   | Noticed a dread lich
105144 | Zig:16   | Noticed an ancient lich
105145 | Zig:16   | Killed an ancient lich
105146 | Zig:16   | Killed an ancient lich
105148 | Zig:16   | Killed a dread lich
105148 | Zig:16   | Killed a dread lich
105149 | Zig:16   | Killed a dread lich
105153 | Zig:16   | Found the +10 morningstar "Eos" {elec, Halo rElec}
105154 | Zig:16   | Found the +8 Wrath of Trog {antimagic, *Rage Rampage}
105202 | Zig:16   | Identified the staff of the Slime-mould {+Blink rF+ rC+
                  | Will+ Int+3 Ice}
105213 | Zig:16   | Identified the +3 ring mail of Demons {rElec}
105215 | Zig:16   | Identified the +1 acid dragon scales "Fuzossin" {rCorr
                  | Str+5 Int-4}
105265 | Zig:17   | Entered Level 17 of a ziggurat
105284 | Zig:17   | Found the +7 great mace "Undeadhunter" {deathbane, rN+}
105375 | Zig:17   | Identified the death talisman of Zerosu {Str+6}
105380 | Zig:17   | Identified the ring "Zeasch Oqocw" {rF+ Int+3 Stlth+}
105392 | Zig:17   | Identified the +5 battleaxe of Syonaut {freeze, Dex+2}
105454 | Zig:18   | Entered Level 18 of a ziggurat
105465 | Zig:18   | Noticed Agromumi the pandemonium lord
105472 | Zig:18   | Killed Agromumi the pandemonium lord
105477 | Zig:18   | Gained mutation: You are very frail. (-20% HP) [a neqoxec]
105478 | Zig:18   | Gained mutation: You are vulnerable to cold. (rC-) [a
                  | neqoxec]
105832 | Zig:18   | Identified the +1 arbalest "Afuodeiv" {elec, rN+ rCorr}
105835 | Zig:18   | Identified the ring "Wozxaig" {MP+9 EV+5 Int-4 Dex+4}
105922 | Zig:18   | Lost mutation: Your spells are a little harder to cast, but
                  | a little more powerful. [potion of mutation]
105922 | Zig:18   | Lost mutation: You occasionally shout uncontrollably at
                  | your foes. [potion of mutation]
105922 | Zig:18   | Lost mutation: You have sharp fingernails. [potion of
                  | mutation]
105922 | Zig:18   | Gained mutation: You occasionally lose the ability to read
                  | scrolls when taking damage. [potion of mutation]
105922 | Zig:18   | Gained mutation: You are somewhat resistant to further
                  | mutation. [potion of mutation]
105923 | Zig:18   | Lost mutation: You are vulnerable to cold. (rC-) [potion of
                  | mutation]
105923 | Zig:18   | Lost mutation: Your muscles are strong. (Str +4, Int/Dex
                  | -1) [potion of mutation]
105923 | Zig:18   | Lost mutation: You are somewhat resistant to further
                  | mutation. [potion of mutation]
105923 | Zig:18   | Lost mutation: You are very frail. (-20% HP) [potion of
                  | mutation]
105923 | Zig:18   | Gained mutation: Your spells are a little easier to cast,
                  | but a little less powerful. [potion of mutation]
105924 | Zig:18   | Lost mutation: You are frail. (-10% HP) [potion of
                  | mutation]
105924 | Zig:18   | Lost mutation: Your health recovers twice as slowly from
                  | being drained. [potion of mutation]
105924 | Zig:18   | Lost mutation: Your spells are a little easier to cast, but
                  | a little less powerful. [potion of mutation]
105924 | Zig:18   | Gained mutation: You are vulnerable to heat. (rF-) [potion
                  | of mutation]
105924 | Zig:18   | Gained mutation: You expend magic power (3 MP) to
                  | strengthen your wands. [potion of mutation]
105925 | Zig:18   | Lost mutation: You occasionally lose the ability to read
                  | scrolls when taking damage. [potion of mutation]
105925 | Zig:18   | Lost mutation: You expend magic power (3 MP) to strengthen
                  | your wands. [potion of mutation]
105925 | Zig:18   | Gained mutation: Your muscles are strong. (Str +4, Int/Dex
                  | -1) [potion of mutation]
105925 | Zig:18   | Gained mutation: You occasionally shout uncontrollably at
                  | your foes. [potion of mutation]
105925 | Zig:18   | Gained mutation: Your system is resistant to poisons.
                  | (rPois) [potion of mutation]
105926 | Zig:18   | Lost mutation: You are vulnerable to heat. (rF-) [potion of
                  | mutation]
105926 | Zig:18   | Lost mutation: You occasionally shout uncontrollably at
                  | your foes. [potion of mutation]
105926 | Zig:18   | Lost mutation: Your muscles are strong. (Str +4, Int/Dex
                  | -1) [potion of mutation]
105926 | Zig:18   | Gained mutation: Your magical capacity is low. (-10% MP)
                  | [potion of mutation]
105926 | Zig:18   | Gained mutation: You are clumsy. (Dex -2) [potion of
                  | mutation]
105926 | Zig:18   | Gained mutation: You are dopey. (Int -2) [potion of
                  | mutation]
105927 | Zig:18   | Lost mutation: You are dopey. (Int -2) [potion of mutation]
105927 | Zig:18   | Lost mutation: Your system is resistant to poisons. (rPois)
                  | [potion of mutation]
105927 | Zig:18   | Gained mutation: Your mind is acute. (Int +4, Str/Dex -1)
                  | [potion of mutation]
105927 | Zig:18   | Gained mutation: You are frail. (-10% HP) [potion of
                  | mutation]
105927 | Zig:18   | Gained mutation: Your mind is very acute. (Int +8, Str/Dex
                  | -2) [potion of mutation]
105968 | Zig:19   | Entered Level 19 of a ziggurat
105987 | Zig:19   | Noticed Gamp the pandemonium lord
105988 | Zig:19   | Noticed Yzodghuu the pandemonium lord
105988 | Zig:19   | Noticed Jooth the pandemonium lord
105988 | Zig:19   | Noticed Ysagifuc the pandemonium lord
105989 | Zig:19   | Noticed Ramesusu the pandemonium lord
105989 | Zig:19   | Killed Gamp the pandemonium lord
105999 | Zig:19   | Killed Yzodghuu the pandemonium lord
105999 | Zig:19   | Killed Jooth the pandemonium lord
105999 | Zig:19   | Killed Ysagifuc the pandemonium lord
105999 | Zig:19   | Noticed Kyiloi the pandemonium lord
106009 | Zig:19   | Killed Ramesusu the pandemonium lord
106032 | Zig:19   | Killed Kyiloi the pandemonium lord
106103 | Zig:19   | Noticed Hetul the pandemonium lord
106108 | Zig:19   | Killed Hetul the pandemonium lord
106387 | Zig:19   | Found the amulet of the Four Winds {rN+ Will+++ Clar}
106408 | Zig:19   | Identified the ring "Puykhaip" {Ice Str-3 Int+6 Dex+2}
106409 | Zig:19   | Identified the staff "Ysetadij" {rF+ Str+4 Int+3 SInv Fire}
106413 | Zig:19   | Got Nuforyeph's Compilation of the Combined Serac
106417 | Zig:19   | Identified the ring of Qeusch {rPois MP+9 Int+3 Dex-5}
106468 | Zig:19   | Learned a level 9 spell: Fire Storm
106551 | Hell     | Entered the Vestibule of Hell
106551 | Hell     | Noticed Geryon
106555 | Hell     | Killed Geryon
107270 | Hell     | Found a gateway to the decaying netherworld of Tartarus.
107305 | Hell     | Found a gateway to the freezing wastes of Cocytus.
107546 | Hell     | Found a gateway to the Iron City of Dis.
107645 | Hell     | Found a gateway to the ashen valley of Gehenna.
107799 | Coc:1    | Entered Level 1 of Cocytus
107809 | Coc:1    | Paralysed by a wendigo for 1 turns
109050 | Coc:4    | Paralysed by a wendigo for 1 turns
109679 | Coc:5    | Reached skill level 27 in Dodging
110266 | Coc:6    | Paralysed by a wendigo for 1 turns
110832 | Coc:7    | Entered Level 7 of Cocytus
110840 | Coc:7    | Noticed an ancient lich
110845 | Coc:7    | Killed an ancient lich
111122 | Coc:7    | Paralysed by a wendigo for 1 turns
112538 | Coc:7    | Noticed an ancient lich
112542 | Coc:7    | Killed an ancient lich
112640 | Coc:7    | Noticed Antaeus
112644 | Coc:7    | Killed Antaeus
112646 | Coc:7    | Paralysed by a wendigo for 1 turns
112689 | Coc:7    | Got an icy rune of Zot
112694 | Coc:7    | Identified the +4 spear "Desifuli" {speed, Dex+3}
112772 | Dis:1    | Entered Level 1 of the Iron City of Dis
112890 | Dis:1    | Reached skill level 10 in Evocations
114563 | Dis:4    | Noticed an ancient lich
114563 | Dis:4    | Noticed an ancient lich
114565 | Dis:4    | Killed an ancient lich
114566 | Dis:4    | Killed an ancient lich
114851 | Dis:4    | Noticed an ancient lich
114861 | Dis:4    | Killed an ancient lich
115046 | Dis:4    | Noticed a dread lich
115050 | Dis:4    | Killed a dread lich
115364 | Dis:4    | Noticed a dread lich
115369 | Dis:4    | Killed a dread lich
116826 | Dis:6    | Killed from afar by a Hell Sentinel

Illustrated notes

Levels and vault maps discovered:
D:1:      lemuel_arrival_lava_pool, layout_rooms, serial_shops, shop,
          nicolae_concentric_dashed_squares_mild, minmay_hexomino_c4
D:2:      cheibrodos_pilgrimage, layout_rooms, basic_altar, uniq_sigmund
D:3:      layout_basic, nicolae_sif_muna_little_library, minmay_statues_item,
          grunt_decor_junction, uniq_jessica, uniq_ijyb
D:4:      layout_loops_ring, uniq_crazy_yiuf_cottage
D:5:      layout_cave_pools, kennysheep_ying_yang, zin_purify,
          kennysheep_mini_moat, nicolae_ossuary_entry_monument, uniq_duvessa,
          uniq_pikel, uniq_blork_the_orc
D:6:      kennysheep_housing_project, layout_basic,
          gammafunk_temple_overflow_forgotten, minmay_temple_entry_mini_moons,
          serial_shops, nicolae_shop_tiny_statue_garden
D:7:      layout_rooms, uniq_joseph
D:8:      layout_rooms, mainiacjoe_overflow_surrounded_room,
          mainiacjoe_overflow_catwalk, amethyst_killhole
D:9:      layout_loops_cross, erik_lair_orcish_takeover, uniq_grum
D:10:     layout_irregular_city, nemelex_xobeh_ov_fountains_minmay,
          lemuel_zombie_altar_kikubaaqudgha, nicolae_houndstooth_variations
D:11:     layout_stronghold, orc_0_dummy
D:12:     layout_rooms
D:13:     layout_loops_ring, nicolae_trove_entry_path_of_doom
D:14:     layout_loops_ring, david_vaults_4, nicolae_wu_jian_wuxing_cycle,
          uniq_snorg
D:15:     grunt_enter_depths_magical_seal, layout_long_grid, ebering_ghost_gozag
Temple:   nicolae_temple_two_arcs
Lair:1:   layout_cave_shapes, gauntlet_entry_generic
Lair:2:   layout_roguey, lemuel_fruit_tree, infiniplex_staircase_pool,
          lemuel_fruit_fields, lemuel_fruit_fields, serial_bayou_shore_a,
          grunt_megastairs_5, serial_bayou_shore_b, uniq_maggie
Lair:3:   layout_loops_ring, swamp_mist_pool, nicolae_spider_entry_tight_spaces,
          bobbens_dragon_lair_wall, uniq_nessos, uniq_fannar
Lair:4:   layout_cave_pods, portal_ice_cave_rime
Lair:5:   cheibrodos_lair_end_hotspot, layout_gridlike, slime_entry_2,
          columned_hall_lemuel
Swamp:1:  layout_falls_marsh, lemuel_altar_in_water
Swamp:2:  layout_basic_swamp, hangedman_swamp_ruin_wall, swamp_pool_1_2,
          uniq_jorgrun
Swamp:3:  layout_basic_swamp, serial_swamp_ruin, evilmike_swamp_ruin_house_5,
          evilmike_swamp_ruin_house_1, uniq_bai_suzhen
Swamp:4:  swamp_pestilence, layout_basic_swamp, infiniplex_staircase_pool_2,
          uniq_mlioglotl
Spider:1: layout_spider_delve
Spider:2: layout_spider_delve
Spider:3: layout_spider_delve, hangedman_spider_mandibles, uniq_donald
Spider:4: spider_rune_water
Slime:1:  layout_caves, basic_altar
Slime:2:  layout_caves
Slime:3:  layout_caves
Slime:4:  layout_caves, nicolae_slime_getting_an_eyeful
Slime:5:  slime_pit_nicolae_block_by_block
Orc:1:    layout_diamond_mine, serial_shops, shop
Orc:2:    st_orc_mages, layout_caves, special_room
Elf:1:    elf_arrival_002, layout_gridlike, serial_shops, shop,
          minmay_elf_demonology, uniq_nikola, uniq_frances, uniq_roxanne,
          uniq_aizul, uniq_azrael
Elf:2:    elven_hall_of_blades_hangedman_original [grunt_blade_entry_basic],
          layout_rooms, drop_trap, minmay_misc_feat_rows
Elf:3:    grunt_elf_hall_diamonds, layout_geoelf_castle, uniq_saint_roka
Vaults:1: nicolae_vaults_sightless_eye, nicolae_vaults_little_guard_posts,
          ontoclasm_vaults_bender, v_misc_24, nicolae_vaults_little_squares_5,
          vaults_dpeg_encased_lava, layout_vaults_omnigrid, uniq_norris
Vaults:2: v_misc_5, v_misc_8, nicolae_vaults_angled_halls, vaults_mumra_hexcomb,
          minmay_crypt_entry_simple_sparse, nicolae_vaults_fighting_squares,
          vaults_room_pool, ontoclasm_vaults_misaligned, ontoclasm_vaults_chip,
          v_misc_11, nicolae_vaults_network_quinsquares
          [nicolae_vaults_network_quincunx_subvault,
          nicolae_vaults_network_quincunx_subvault,
          nicolae_vaults_network_quincunx_subvault,
          nicolae_vaults_network_quincunx_subvault],
          nicolae_vaults_hexular_roomagon, nicolae_vaults_more_shelving_1,
          layout_vaults_ring
Vaults:3: gammafunk_ghost_necromancy, nicolae_vaults_surprise_closet,
          nicolae_vaults_stairing_the_circle, v_misc_16, nicolae_vaults_house_1,
          v_rooms_4, vaults_dpeg_hooks, v_pattern_3, serial_ice_b,
          ontoclasm_vaults_shuriken, ontoclasm_vaults_eye,
          hangedman_vaults_unwind, vaults_room_large_hall,
          nicolae_vaults_double_plus_1, layout_vaults_omnicross, uniq_jory
Vaults:4: infiniplex_enter_wizlab_spiral, nicolae_vaults_trapezoid_lopsided_2,
          nicolae_vaults_closet_pinwheel_6, nicolae_vaults_stepped_doors,
          nicolae_vaults_variable_pillar_hall_cross, v_alt_pattern_1,
          nicolae_vaults_asterisk, serial_library_hellmonk_reading_circle,
          nicolae_vaults_more_shelving_2, v_alt_pattern_3,
          nicolae_vaults_little_squares_6, nicolae_vaults_double_plus_2,
          nicolae_vaults_network_s, grunt_vaults_twisty, st_lines,
          layout_vaults_omnibox, serial_shops, shop_fountains
Vaults:5: uniq_mennas
Crypt:1:  layout_gridlike, serial_corexii_hall, chequers_hall_statues_y,
          corexii_hall_statues_s, lemuel_dead_fish_pool,
          nicolae_crypt_booths_of_the_dead
Crypt:2:  layout_basic
Crypt:3:  lightli_unholy_cathedral, layout_chaotic_city,
          tomb_entry_forgotten_bobbens, serial_library,
          serial_library_hellmonk_room_b, serial_library_hellmonk_small_alcove,
          serial_library_hellmonk_layered_room,
          serial_library_hellmonk_angled_corner,
          serial_library_regret_index_closets, serial_library_hellmonk_room_a,
          lemuel_mausoleum_altar_yredelemnul
Depths:1: evilmike_negative_zone, layout_twisted_cross, serial_shops,
          nicolae_lakefront_shop, serial_rivers, chequers_serial_rivers_room_b,
          chequers_serial_rivers_micro_d, chequers_serial_rivers_small_a,
          chequers_serial_rivers_micro_c, chequers_serial_rivers_room_b,
          chequers_serial_rivers_micro_c, abyss_entry, pf_hell_entry_tar_spiral,
          minmay_pinched_square, minmay_shop_star
Depths:2: minmay_sliced_demisemicircle, layout_cave_shapes,
          pf_hell_entry_great_geh, chequers_serial_rivers_room_b,
          grunt_pan_entry_sceptre, fedhas_altar_1, minmay_staircase_bubble
Depths:3: nzn_winding_woodlands_medium [nzn_winding_woodlands_5x5_closed_star,
          nzn_winding_woodlands_5x15_sidewinder,
          nzn_winding_woodlands_hourglass, nzn_winding_woodlands_5x5_perimeter,
          nzn_winding_woodlands_center_garden, nzn_winding_woodlands_5x5_cross,
          nzn_winding_woodlands_5x5_checkerboard,
          nzn_winding_woodlands_5x15_parted, nzn_winding_woodlands_5x5_three],
          layout_gridville, infiniplex_staircase_pool_lava, hell_entry,
          pan_entry, abyss_entry_crystal, kennysheep_nondescript
Depths:4: grunt_crosshair, layout_cave_pools, ziggurat_fallback,
          lightli_too_deep, nicolae_abyss_entry_one_way_or_another
Hell
Dis:1:    nicolae_dis_heavy_handed_symbolism
Dis:2:    layout_subdivisions
Dis:3:    layout_jigsaw, nrook_loot_triangle
Dis:4:    hangedman_iron_city_apartments
Dis:5:    layout_subdivisions, nicolae_hells_seeping_fissure
Dis:6:    layout_gridville, minmay_strange_pillars
Coc:1:    layout_ice_bergs
Coc:2:    layout_cocytus_water_paths
Coc:3:    layout_ice_bergs, nicolae_hells_seeping_fissure
Coc:4:    nicolae_coc_caina, layout_cocytus_water_paths
Coc:5:    layout_cocytus_water_paths
Coc:6:    layout_cocytus_delve
Coc:7:    coc_grunt
Zot:1:    layout_gridlike, regret_index_zotdec_iron_s, lemuel_lake_of_fire,
          uniq_tiamat
Zot:2:    layout_concentric_octagons, nicolae_tricolors
Zot:3:    dreamdust_black_sun_cult, layout_twisted_circle, lemuel_elevator
Zot:4:    layout_basic, uniq_vv, uniq_josephina
Zot:5:    layout_gridlike

Skill      XL: |  1  2  3  4  5  6  7  8  9 10 11 12 13 14 15 16 17 18 19 20 21 22 23 24 25 26 27 |
---------------+----------------------------------------------------------------------------------+-----
Conjurations   | 2 3 4 5 6 7 25 | 25.0
Spellcasting   | 3 4 5 7 13 14 15 16 18 19 20 21 22 23 24 25 27 | 27.0
Earth Magic    | 4 5 7 9 10 12 14 16 18 19 21 23 25 | 25.2
Fighting       | 2 5 7 9 13 27 | 27.0
Dodging        | 4 7 9 11 12 14 16 27 | 27.0
Alchemy        | 4 7 8 |  8.0
Evocations     | 3 5 7 14 | 14.6
Fire Magic     | 6 10 12 14 16 | 16.0
Air Magic      | 6 10 12 14 16 23 | 23.4
Shields        | 3 5 7 9 |  9.0
Ice Magic      | 3 9 12 15 18 19 | 19.0
Stealth        | |  1.7

Action                     |  1- 3 |  4- 6 |  7- 9 | 10-12 | 13-15 | 16-18 | 19-21 | 22-24 | 25-27 || total
---------------------------+-------+-------+-------+-------+-------+-------+-------+-------+-------++-------
  Melee: Short sword       |    14 |       |       |       |       |       |       |       |       ||    14
         Dagger            |       |       |    74 |    49 |    23 |       |       |       |       ||   146
         Spear             |       |       |       |    13 |    36 |    62 |    23 |       |       ||   134
         Staff             |       |       |       |       |    27 |     7 |    15 |    16 |    96 ||   161
         Unarmed           |       |       |       |       |       |       |       |     5 |       ||     5
   Cast: Sandblast         |    53 |    66 |     8 |    26 |       |       |       |       |       ||   153
         Stone Arrow       |       |    10 |    61 |   373 |   601 |   396 |   233 |   111 |    75 ||  1860
         Olgreb's Toxic Ra |       |       |       |    10 |    97 |    16 |       |       |       ||   123
         Petrify           |       |       |       |     6 |     1 |       |       |       |       ||     7
         Flame Wave        |       |       |       |     1 |     3 |       |       |       |       ||     4
         Plasma Beam       |       |       |       |       |    37 |   335 |   209 |   222 |   354 ||  1157
         Fireball          |       |       |       |       |     3 |    54 |    13 |     2 |     3 ||    75
         Iskenderun's Myst |       |       |       |       |       |    11 |     1 |     1 |     3 ||    16
         Irradiate         |       |       |       |       |       |    29 |    20 |    51 |    57 ||   157
         Orb of Destructio |       |       |       |       |       |     9 |       |       |       ||     9
         Maxwell's Capacit |       |       |       |       |       |     7 |    44 |   162 |   301 ||   514
         Ignition          |       |       |       |       |       |    10 |    67 |   102 |   115 ||   294
         Ozocubu's Refrige |       |       |       |       |       |       |    16 |    11 |    65 ||    92
         Shatter           |       |       |       |       |       |       |       |       |   130 ||   130
         Lehudib's Crystal |       |       |       |       |       |       |       |       |   965 ||   965
         Permafrost Erupti |       |       |       |       |       |       |       |       |     2 ||     2
         Chain Lightning   |       |       |       |       |       |       |       |       |   114 ||   114
         Blink             |       |       |       |       |       |       |       |       |     4 ||     4
Ability: Hop               |       |       |     2 |     9 |    10 |     9 |     1 |     5 |    29 ||    65
  Evoke: Wand              |       |       |     5 |     1 |     1 |    21 |     9 |     4 |    55 ||    96
         Box of beasts     |       |       |       |       |       |     1 |     1 |       |     1 ||     3
         Condenser vane    |       |       |       |       |       |       |     2 |       |     3 ||     5
         Lightning rod     |       |       |       |       |       |       |       |       |     9 ||     9
         Horn of Geryon    |       |       |       |       |       |       |       |       |     1 ||     1
         Phantom mirror    |       |       |       |       |       |       |       |       |     1 ||     1
    Use: Potion            |       |     2 |     2 |       |       |     1 |       |     1 |    58 ||    64
         Scroll            |       |       |     7 |     7 |    13 |     9 |     2 |    10 |    46 ||    94
   Stab: Petrified         |       |       |       |     8 |     4 |       |       |       |       ||    12
         Invisible         |       |       |       |       |       |     1 |       |       |     1 ||     2
         Confused          |       |       |       |       |       |       |       |     2 |       ||     2
 Armour: Robe              |    22 |    23 |    67 |   187 |   294 |   288 |   179 |   202 |       ||  1262
         Leather armour    |       |       |       |       |       |       |       |    59 |  1064 ||  1123
         Skin              |       |       |       |       |       |       |       |     1 |       ||     1
  Dodge: Dodged            |    23 |    22 |    71 |   158 |   533 |   539 |   294 |   371 |  1161 ||  3172
  Block: Buckler           |       |       |       |       |       |   155 |   108 |   102 |   339 ||   704

Table legend: (Time is in decaauts)
 A = Elapsed time spent in this place.
 B = Non-inter-level travel time spent in this place.
 C = Inter-level travel time spent in this place.
 D = Time resting spent in this place.
 E = Time spent auto-exploring this place.
 F = Levels seen in this place.
 G = Mean time per level.
                   A        B        C        D        E       F      G
               +--------+--------+--------+--------+--------+-----+--------+
         Total | 126436 | 118321 |   8115 |   3137 |  93415 | 111 | 1139.1 |
       Dungeon |  22544 |  19558 |   2986 |    220 |  16432 |  15 | 1502.9 |
        Temple |     24 |     14 |     10 |      0 |      0 |   1 |   24.0 |
          Lair |  11541 |  10287 |   1254 |    428 |   8049 |   5 | 2308.2 |
         Swamp |   7017 |   6671 |    346 |    261 |   5413 |   4 | 1754.2 |
   Spider Nest |   6509 |   6135 |    374 |      7 |   5357 |   4 | 1627.2 |
    Slime Pits |   1197 |   1125 |     72 |    113 |    459 |   5 |  239.4 |
  Orcish Mines |   2237 |   1992 |    245 |      0 |   1618 |   2 | 1118.5 |
   Elven Halls |   5895 |   5498 |    397 |     32 |   4442 |   3 | 1965.0 |
        Vaults |  12287 |  11290 |    997 |     69 |   9550 |   5 | 2457.4 |
         Crypt |   6108 |   5910 |    198 |    120 |   4783 |   3 | 2036.0 |
        Depths |   8329 |   7706 |    623 |     16 |   6220 |   4 | 2082.2 |
          Hell |   1109 |   1003 |    106 |      0 |    834 |   1 | 1109.0 |
           Dis |   4176 |   4103 |     73 |     11 |   3532 |   6 |  696.0 |
       Cocytus |   5201 |   5049 |    152 |    861 |   3123 |   7 |  743.0 |
           Zot |   6770 |   6493 |    277 |      0 |   5677 |   5 | 1354.0 |
   Pandemonium |  19024 |  19024 |      0 |    947 |  13323 |  17 | 1119.1 |
      Ziggurat |   3199 |   3199 |      0 |     39 |   2175 |  19 |  168.4 |
         Trove |    100 |    100 |      0 |      0 |     72 |   1 |  100.0 |
       Ossuary |    641 |    641 |      0 |      5 |    526 |   1 |  641.0 |
      Ice Cave |   1308 |   1308 |      0 |      0 |   1101 |   1 | 1308.0 |
        Wizlab |    824 |    824 |      0 |      0 |    630 |   1 |  824.0 |
      Gauntlet |    388 |    388 |      0 |      6 |     91 |   1 |  388.0 |
               +--------+--------+--------+--------+--------+-----+--------+

Top non-repeatable levels by time:
  Lair:3: 3633 daAuts
  Lair:5: 3100 daAuts
    D:14: 3029 daAuts
    D:11: 2978 daAuts
Vaults:2: 2945 daAuts
   Elf:3: 2858 daAuts
Vaults:1: 2626 daAuts
 Swamp:4: 2489 daAuts
 Crypt:3: 2474 daAuts
Depths:1: 2427 daAuts
Vaults:3: 2420 daAuts
Vaults:5: 2303 daAuts
Depths:2: 2270 daAuts
Spider:3: 2223 daAuts
   Zot:1: 2179 daAuts
